 Dungeon Crawl Stone Soup version 0.31-a0-174-g85c54bcb58 (webtiles) character file.

Game seed: 10191002802167019241

14777 qw the Cleaver (level 12, 73/73 HPs)
             Began as a Gargoyle Fighter on June 15, 2023.
             Was a High Priest of Okawaru.
             Quit the game on level 1 of the Lair of Beasts.
             The game lasted 00:10:05 (9724 turns).

qw the Cleaver (Gargoyle Fighter)                   Turns: 9724, Time: 00:10:05

Health: 73/73      AC: 27    Str: 24    XL:     12   Next: 20%
Magic:  19/19      EV:  7    Int: 10    God:    Okawaru [*****.]
Gold:   554        SH: 11    Dex: 13    Spells: 11/11 levels left

rFire   . . .        a - +8 broad axe "Puta" {flame, Dex+4}
rCold   . . .        b - +0 kite shield
rNeg    + + .        u - +0 plate armour
rPois   inf          s - +0 helmet
rElec   +            (no cloak)
rCorr   .            l - +2 pair of gloves
SInv    .            i - +0 pair of boots
Will    .....        h - amulet of faith Stlth
                     k - ring of positive energy
HPRegen 0.32/turn    (no ring)
MPRegen 0.16/turn

%: faith
@: no status effects
A: sickness immunity, AC +8, negative energy resistance 1, electricity
resistance, torment resistance 1, petrification resistance
a: Renounce Religion, Heroism, Finesse, Duel


You were on level 1 of the Lair of Beasts.
You worshipped Okawaru.
Okawaru was extremely pleased with you.
You visited 3 branches of the dungeon, and saw 11 of its levels.

You collected 655 gold pieces.
You spent 101 gold pieces at shops.


Innate Abilities, Weirdness & Mutations

You are immune to sickness and miasma.
Your stone body is resilient. (AC +8)
You are immune to poison.
You resist negative energy. (rN+)
You are resistant to electric shocks. (rElec)
You are resistant to unholy torment.
You are immune to petrification.


   Skills:
 - Level 8.0 Fighting
 + Level 10.9 Axes
 - Level 3.9 Throwing
 - Level 7.0 Armour
 - Level 2.2 Dodging
 - Level 9.0 Shields
 - Level 10.0 Invocations


You had 11 spell levels left.
You didn't know any spells.
Your spell library was empty.

Inventory:

Hand Weapons
 a - the +8 broad axe "Puta" (weapon) {flame, Dex+4}
   (You acquired it on level 3 of the Dungeon)

   Dex:       It affects your dexterity (+4).
 q - a +0 broad axe of flaming
Missiles
 c - 2 boomerangs (quivered)
Armour
 b - a +0 kite shield (worn)
 i - a +0 pair of boots (worn)
 l - a +2 pair of gloves (worn)
 s - a +0 helmet (worn)
 u - a +0 plate armour (worn)
Jewellery
 f - a ring of ice
 h - an amulet of faith (around neck)
 k - a ring of positive energy (left hand)
 p - an amulet of reflection
Scrolls
 g - 3 scrolls of identify
Potions
 d - a potion of might
 e - 3 potions of curing
 m - 3 potions of attraction
 n - a potion of cancellation
 o - 5 potions of heal wounds
 r - a potion of magic

Dungeon Overview and Level Annotations

Branches:
Dungeon (9/15)             Temple (1/1) D:6            Lair (1/5) D:9
    Orc (0/2) D:9

Altars:
Ashenzari
Cheibriados
Elyvilon
Fedhas
Hepliaklqana
Kikubaaqudgha
Makhleb
Nemelex Xobeh
Okawaru
Qazlal
Ru
Sif Muna
Trog
Uskayaw
Vehumet
Wu Jian
Xom
Yredelemnul
Zin
The Shining One

Shops:
D:5 (   D:9 [

Annotations:
D:3 2 runed translucent doors
D:7 exclusion: dart slug


Message History

9685 ||| Stepping randomly (stuck).
9686 ||| Stepping randomly (stuck).
9687 ||| Stepping randomly (stuck).
9688 ||| Stepping randomly (stuck).
9689 ||| Stepping randomly (stuck).
9690 ||| Stepping randomly (stuck).
9691 ||| Stepping randomly (stuck).
9692 ||| Stepping randomly (stuck).
9693 ||| Stepping randomly (stuck).
9694 ||| Stepping randomly (stuck).
9695 ||| Stepping randomly (stuck).
9696 ||| Stepping randomly (stuck).
9697 ||| Stepping randomly (stuck).
9698 ||| Stepping randomly (stuck).
9699 ||| Stepping randomly (stuck).
9700 ||| Stepping randomly (stuck).
9701 ||| Stepping randomly (stuck).
9702 ||| Stepping randomly (stuck).
9703 ||| Stepping randomly (stuck).
9704 ||| Stepping randomly (stuck).
9705 ||| Stepping randomly (stuck).
9706 ||| Stepping randomly (stuck).
9707 ||| Stepping randomly (stuck).
9708 ||| Stepping randomly (stuck).
9709 ||| Stepping randomly (stuck).
9710 ||| Stepping randomly (stuck).
9711 ||| Stepping randomly (stuck).
9712 ||| Stepping randomly (stuck).
9713 ||| Stepping randomly (stuck).
9714 ||| Stepping randomly (stuck).
9715 ||| Stepping randomly (stuck).
9716 ||| Stepping randomly (stuck).
9717 ||| Stepping randomly (stuck).
9718 ||| Stepping randomly (stuck).
9719 ||| Stepping randomly (stuck).
9720 ||| Stepping randomly (stuck).
9721 ||| Stepping randomly (stuck).
9722 ||| Stepping randomly (stuck).
9723 ||| Stepping randomly (stuck).
Are you sure you want to abandon this character and quit the game? (Confirm with "yes".)

######
##...........##
#....#
#.............#
##...##
#..............
#P#..###
####..........#
####...##
##....######
##...## #.#..#
###..####
##...###### ##....#
##..##.#....
##@..###....#......
###.......##......
##..............
#....#.........
###.....#........
#.....###........
##....# #........
#....P###........
##....P##.........


There were no monsters in sight!

Vanquished Creatures
  A catoblepas (Lair:1)
  A two-headed ogre (D:7)
  Pikel (D:9)
  A cane toad (Lair:1)
  A rime drake (D:9)
  A komodo dragon (Lair:1)
  A polar bear (D:9)
  A hornet (D:9)
  Prince Ribbit (D:9)
  5 blink frogs (Lair:1)
  A wraith (D:9)
  A wyvern (D:7)
  23 yaks
  A steam dragon (D:6)
  4 vampire mosquitoes (D:7)
  Menkaure (D:4)
  Duvessa (D:4)
  A water moccasin (D:4)
  7 orc warriors
  10 ice beasts
  2 sky beasts (D:6)
  2 phantoms
  19 wolves
  2 lemures (D:9)
  2 centaurs
  3 kobold brigands
  4 bullfrogs
  A gnoll sergeant (D:5)
  6 wights
  A scorpion (D:5)
  Dowan (D:4)
  8 killer bees
  2 electric eels (D:7)
  4 howler monkeys
  A crimson imp (D:5)
  2 hounds
  5 jellies
  7 orc priests
  A sleepcap (D:5)
  3 iguanas
  14 orc wizards
  Terence (D:3)
  Robin (D:4)
  4 gnolls (D:5)
  9 adders
  A shadow imp (D:6)
  A white imp (D:8)
  An ufetubus (D:4)
  3 worms
  14 dart slugs
  30 orcs
  10 ball pythons
  6 endoplasms
  A giant cockroach (D:1)
  19 goblins
  12 hobgoblins
  10 jackals
  4 quokkas
  10 bats
  6 frilled lizards
  22 kobolds
  6 rats
  A spectral orc (D:7)
326 creatures vanquished.

Notes
Turn   | Place    | Note
-------+----------+-------------------------------------------
     0 | D:1      | qw the Gargoyle Fighter began the quest for the Orb.
     0 | D:1      | Reached XP level 1. HP: 14/14 MP: 1/1
     0 | D:1      | 0 ||| qw: Version: 0.2-a-29-g511e9b1
     0 | D:1      | 0 ||| qw: Game counter: 5407
     0 | D:1      | 0 ||| qw: Always use a shield: true
     0 | D:1      | 0 ||| qw: God list: Okawaru
     0 | D:1      | 0 ||| qw: Allow faded altars: false
     0 | D:1      | 0 ||| qw: Do Orc after D:15 true
     0 | D:1      | 0 ||| qw: Do second Lair branch before Depths: true
     0 | D:1      | 0 ||| qw: Lair rune preference: random
     0 | D:1      | 0 ||| qw: Plans: Normal, Zot:1-4, Slime:5, God:TSO, Crypt,
                  | Tomb, Abyss, Pan, Hells, Win
     0 | D:1      | 0 ||| PLANNING D:1-11
   118 | D:1      | 118 ||| Stepping ~*~*~tactically~*~*~ (stealth).
   120 | D:1      | 120 ||| Stepping ~*~*~tactically~*~*~ (stealth).
   159 | D:1      | Reached XP level 2. HP: 19/19 MP: 2/2
   247 | D:1      | 247 ||| FLEEEEING.
   248 | D:1      | 248 ||| FLEEEEING.
   249 | D:1      | 249 ||| FLEEEEING.
   250 | D:1      | 250 ||| FLEEEEING.
   252 | D:1      | 252 ||| FLEEEEING.
   350 | D:1      | Reached skill level 3 in Axes
   391 | D:1      | Reached XP level 3. HP: 23/23 MP: 3/3
   559 | D:1      | 559 ||| Stepping ~*~*~tactically~*~*~ (stealth).
   940 | D:1      | 940 ||| Stepping ~*~*~tactically~*~*~ (hiding).
   941 | D:1      | 941 ||| Stepping ~*~*~tactically~*~*~ (hiding).
   943 | D:1      | 943 ||| Stepping ~*~*~tactically~*~*~ (hiding).
  1062 | D:1      | 1062 ||| READING scroll labelled EPIULA ME EXY.
  1063 | D:1      | 1063 ||| READING scroll labelled WOASAJ FAOSONU.
  1164 | D:1      | 1164 ||| READING scroll labelled BIOGHE YHIZXEK.
  1165 | D:1      | 1165 ||| READING scroll labelled NOXZYO CYRGHES.
  1166 | D:1      | 1166 ||| DRINKING 3 fizzy cyan potions.
  1191 | D:2      | 1191 ||| STAIRDANCE
  1393 | D:2      | Reached XP level 4. HP: 28/28 MP: 4/4
  1438 | D:2      | 1438 ||| Stepping ~*~*~tactically~*~*~ (stealth).
  1459 | D:2      | 1459 ||| Stepping ~*~*~tactically~*~*~ (stealth).
  1464 | D:2      | 1464 ||| Stepping ~*~*~tactically~*~*~ (stealth).
  1488 | D:2      | 1488 ||| Stepping ~*~*~tactically~*~*~ (stealth).
  1489 | D:2      | 1489 ||| Stepping ~*~*~tactically~*~*~ (stealth).
  1490 | D:2      | 1490 ||| Stepping ~*~*~tactically~*~*~ (stealth).
  1779 | D:2      | 1779 ||| Stepping ~*~*~tactically~*~*~ (hiding).
  1884 | D:2      | 1884 ||| DROPPING +0 club.
  1968 | D:2      | 1968 ||| Stepping ~*~*~tactically~*~*~ (stealth).
  2092 | D:2      | 2092 ||| UPGRADING to +0 pair of boots.
  2097 | D:2      | 2097 ||| READING 2 scrolls labelled OLIPSE JAOSY.
  2098 | D:2      | 2098 ||| READING scroll of enchant weapon.
  2098 | D:2      | 2098 ||| ENCHANTING +1 war axe.
  2099 | D:2      | 2099 ||| READING 2 scrolls labelled RIUXKIEROT.
  2123 | D:3      | Reached XP level 5. HP: 31/32 MP: 5/5
  2160 | D:3      | Noticed Terence
  2168 | D:3      | Killed Terence
  2202 | D:3      | 2202 ||| Stepping ~*~*~tactically~*~*~ (stealth).
  2203 | D:3      | 2203 ||| Stepping ~*~*~tactically~*~*~ (stealth).
  2226 | D:3      | Identified the +4 leather armour of the Ecumenical Temple
                  | {Int+5}
  2252 | D:3      | 2252 ||| Stepping ~*~*~tactically~*~*~ (stealth).
  2272 | D:3      | 2272 ||| Stepping ~*~*~tactically~*~*~ (stealth).
  2332 | D:3      | 2332 ||| Stepping ~*~*~tactically~*~*~ (stealth).
  2338 | D:3      | 2338 ||| Stepping ~*~*~tactically~*~*~ (stealth).
  2420 | D:3      | 2420 ||| FLEEEEING.
  2445 | D:3      | 2445 ||| Stepping ~*~*~tactically~*~*~ (stealth).
  2614 | D:3      | Found a large runed translucent door.
  2615 | D:3      | Found a large runed translucent door.
  2680 | D:3      | 2680 ||| UPGRADING to +1 pair of gloves.
  2685 | D:3      | 2685 ||| DROPPING +4 leather armour of the Ecumenical
                  | Temple {Int+5}.
  2686 | D:3      | 2686 ||| UPGRADING to +0 chain mail.
  2696 | D:3      | 2696 ||| DROPPING +0 scale mail.
  2697 | D:3      | 2697 ||| UPGRADING to amulet of faith.
  2702 | D:3      | 2702 ||| READING scroll labelled SISTEE TUECEI.
  2702 | D:3      | Identified a scroll of acquirement
  2702 | D:3      | 2702 ||| ACQUIRING +8 broad axe "Puta" {flame, Dex+4}
  2702 | D:3      | Acquired the +8 broad axe "Puta" {flame, Dex+4}
  2704 | D:3      | 2704 ||| UPGRADING to +8 broad axe "Puta" {flame, Dex+4}.
  2705 | D:3      | 2705 ||| DROPPING +0 whip.
  2706 | D:3      | 2706 ||| READING 2 scrolls of identify.
  2706 | D:3      | 2706 ||| IDENTIFYING grey potion
  2723 | D:4      | Noticed Menkaure
  2724 | D:4      | 2724 ||| Stepping ~*~*~tactically~*~*~ (hiding).
  2733 | D:4      | Killed Menkaure
  2734 | D:4      | Reached XP level 6. HP: 38/38 MP: 6/6
  2752 | D:4      | 2752 ||| Stepping ~*~*~tactically~*~*~ (stealth).
  2832 | D:4      | Noticed Dowan
  2833 | D:4      | Noticed Duvessa
  2840 | D:4      | Killed Duvessa
  2841 | D:4      | Reached XP level 7. HP: 40/43 MP: 7/7
  2842 | D:4      | Killed Dowan
  2900 | D:4      | Reached skill level 6 in Axes
  3008 | D:4      | Found a hide-covered altar of Uskayaw.
  3077 | D:4      | Reached XP level 8. HP: 35/48 MP: 8/8
  3217 | D:4      | Noticed Robin
  3222 | D:4      | Killed Robin
  3415 | D:4      | 3415 ||| UPGRADING to +0 helmet.
  3420 | D:4      | 3420 ||| READING scroll labelled IGEYLUORITT.
  3421 | D:4      | 3421 ||| READING scroll labelled SEPNO DASTAHEN.
  3457 | D:4      | 3457 ||| READING 3 scrolls of identify.
  3457 | D:4      | 3457 ||| IDENTIFYING lumpy dark potion
  3458 | D:4      | 3458 ||| READING 2 scrolls of identify.
  3458 | D:4      | 3458 ||| IDENTIFYING murky silvery potion
  3459 | D:4      | 3459 ||| DROPPING potion of invisibility.
  3467 | D:5      | Entered Level 5 of the Dungeon
  3487 | D:5      | Found a burning altar of Makhleb.
  3506 | D:5      | 3506 ||| Stepping ~*~*~tactically~*~*~ (hiding).
  3517 | D:5      | 3517 ||| Stepping ~*~*~tactically~*~*~ (stealth).
  3518 | D:5      | 3518 ||| Stepping ~*~*~tactically~*~*~ (stealth).
  3521 | D:5      | 3521 ||| Stepping ~*~*~tactically~*~*~ (stealth).
  3522 | D:5      | 3522 ||| Stepping ~*~*~tactically~*~*~ (stealth).
  3543 | D:5      | 3543 ||| Stepping ~*~*~tactically~*~*~ (hiding).
  3650 | D:5      | 3650 ||| Stepping ~*~*~tactically~*~*~ (stealth).
  3684 | D:5      | Found Vadid's Hydra Hut.
  3686 | D:5      | Noticed a six-headed hydra
  3690 | D:5      | 3690 ||| BUYING +0 broad axe of flaming (101 gold).
  3690 | D:5      | Bought a +0 broad axe of flaming for 101 gold pieces
  3690 | D:5      | 3690 ||| SHOPLISTING +2 broad axe of flaming (211 gold,
                  | have 132).
  3690 | D:5      | 3690 ||| DROPPING +2 war axe.
  3784 | D:5      | 3784 ||| Stepping ~*~*~tactically~*~*~ (stealth).
  3803 | D:5      | 3803 ||| Stepping ~*~*~tactically~*~*~ (stealth).
  3806 | D:5      | 3806 ||| Stepping ~*~*~tactically~*~*~ (stealth).
  3889 | D:5      | 3889 ||| FLEEEEING.
  3890 | D:5      | 3890 ||| FLEEEEING.
  3891 | D:5      | 3891 ||| FLEEEEING.
  3892 | D:5      | 3892 ||| FLEEEEING.
  3893 | D:5      | 3893 ||| FLEEEEING.
  3894 | D:5      | 3894 ||| FLEEEEING.
  3895 | D:5      | 3895 ||| FLEEEEING.
  3896 | D:5      | 3896 ||| FLEEEEING.
  3897 | D:5      | 3897 ||| FLEEEEING.
  3900 | D:5      | 3900 ||| FLEEEEING.
  3901 | D:5      | 3901 ||| FLEEEEING.
  3911 | D:5      | 3911 ||| FLEEEEING.
  3964 | D:5      | 3964 ||| FLEEEEING.
  4033 | D:5      | 4033 ||| Stepping ~*~*~tactically~*~*~ (stealth).
  4035 | D:5      | 4035 ||| Stepping ~*~*~tactically~*~*~ (hiding).
  4036 | D:5      | 4036 ||| Stepping ~*~*~tactically~*~*~ (hiding).
  4039 | D:5      | 4039 ||| Stepping ~*~*~tactically~*~*~ (hiding).
  4046 | D:5      | Reached skill level 6 in Fighting
  4190 | D:5      | 4190 ||| Stepping ~*~*~tactically~*~*~ (stealth).
  4192 | D:5      | 4192 ||| Stepping ~*~*~tactically~*~*~ (stealth).
  4274 | D:5      | 4274 ||| UPGRADING to +0 kite shield.
  4284 | D:5      | 4284 ||| DROPPING +0 buckler.
  4285 | D:5      | 4285 ||| READING scroll labelled XOALEA RAIG.
  4406 | D:6      | Found a staircase to the Ecumenical Temple.
  4407 | D:6      | 4407 ||| PLANNING TEMPLE
  4407 | D:6      | 4407 ||| DRINKING 2 viscous yellow potions.
  4416 | Temple   | Entered the Ecumenical Temple
  4417 | Temple   | 4417 ||| PLANNING OKAWARU WORSHIP
  4423 | Temple   | Became a worshipper of Warmaster Okawaru
  4424 | Temple   | 4424 ||| PLANNING D:1-11
  4466 | D:6      | Found a blossoming altar of Fedhas.
  4495 | D:6      | Reached XP level 9. HP: 55/55 MP: 9/9
  4675 | D:6      | Reached skill level 6 in Shields
  4707 | D:6      | 4707 ||| Stepping ~*~*~tactically~*~*~ (cloud).
  4716 | D:6      | Reached * piety under Okawaru
  4717 | D:6      | 4717 ||| Stepping ~*~*~tactically~*~*~ (cloud).
  4718 | D:6      | 4718 ||| FLEEEEING.
  4719 | D:6      | 4719 ||| FLEEEEING.
  4720 | D:6      | 4720 ||| FLEEEEING.
  4721 | D:6      | 4721 ||| FLEEEEING.
  4722 | D:6      | 4722 ||| FLEEEEING.
  4723 | D:6      | 4723 ||| FLEEEEING.
  4724 | D:6      | 4724 ||| FLEEEEING.
  4725 | D:6      | 4725 ||| FLEEEEING.
  4726 | D:6      | 4726 ||| FLEEEEING.
  4727 | D:6      | 4727 ||| FLEEEEING.
  4728 | D:6      | 4728 ||| STAIRDANCE
  4766 | D:5      | 4766 ||| READING 2 scrolls labelled UNGIUG NOITO.
  4767 | D:5      | 4767 ||| READING scroll labelled NOFUIST XAYN CAOLU.
  4768 | D:5      | 4768 ||| READING scroll labelled XAXERO HEMOKOO.
  4769 | D:5      | 4769 ||| DRINKING 2 red potions.
  4770 | D:5      | 4770 ||| READING 3 scrolls of identify.
  4770 | D:5      | 4770 ||| IDENTIFYING puce potion
  4771 | D:5      | 4771 ||| DROPPING scroll of revelation.
  4772 | D:5      | 4772 ||| DROPPING potion of degeneration.
  4773 | D:5      | 4773 ||| DROPPING potion of brilliance.
  5142 | D:7      | 5142 ||| Stepping ~*~*~tactically~*~*~ (hiding).
  5157 | D:7      | 5157 ||| Stepping ~*~*~tactically~*~*~ (stealth).
  5158 | D:7      | 5158 ||| Stepping ~*~*~tactically~*~*~ (stealth).
  5159 | D:7      | 5159 ||| Stepping ~*~*~tactically~*~*~ (stealth).
  5174 | D:7      | 5174 ||| Stepping ~*~*~tactically~*~*~ (hiding).
  5177 | D:7      | 5177 ||| Stepping ~*~*~tactically~*~*~ (hiding).
  5182 | D:7      | 5182 ||| INVOKING Heroism.
  5183 | D:7      | 5183 ||| INVOKING Heroism.
  5185 | D:7      | 5185 ||| DRINKING 6 potions of curing.
  5185 | D:7      | 5185 ||| (to cure confusion)
  5187 | D:7      | 5187 ||| DRINKING 5 potions of curing.
  5187 | D:7      | 5187 ||| (to cure confusion)
  5189 | D:7      | Reached skill level 1 in Invocations
  5190 | D:7      | 5190 ||| DRINKING 4 potions of curing.
  5190 | D:7      | 5190 ||| (to cure confusion)
  5195 | D:7      | 5195 ||| INVOKING Heroism.
  5212 | D:7      | 5212 ||| INVOKING Heroism.
  5217 | D:7      | Reached skill level 3 in Invocations
  5221 | D:7      | Reached ** piety under Okawaru
  5240 | D:7      | 5240 ||| FLEEEEING.
  5241 | D:7      | 5241 ||| DROPPING ring of magical power.
  5312 | D:7      | 5312 ||| Stepping ~*~*~tactically~*~*~ (stealth).
  5314 | D:7      | 5314 ||| Stepping ~*~*~tactically~*~*~ (stealth).
  5345 | D:7      | Found a flagged portal.
  5375 | D:7      | 5375 ||| READING scroll labelled SIZOEPLUXYU.
  5381 | D:7      | Noticed a two-headed ogre
  5382 | D:7      | 5382 ||| INVOKING Heroism.
  5393 | D:7      | Killed a two-headed ogre
  5394 | D:7      | Reached skill level 3 in Throwing
  5394 | D:7      | Reached XP level 10. HP: 32/60 MP: 11/13
  5530 | D:7      | Reached *** piety under Okawaru
  5537 | D:7      | 5537 ||| Stepping ~*~*~tactically~*~*~ (water).
  5538 | D:7      | 5538 ||| INVOKING Heroism.
  5608 | D:7      | Reached skill level 9 in Axes
  5742 | D:7      | Found a hazy altar of Hepliaklqana.
  5842 | D:7      | 5842 ||| UPGRADING to ring of positive energy.
  5883 | D:8      | 5883 ||| Stepping ~*~*~tactically~*~*~ (hiding).
  6169 | D:8      | 6169 ||| Stepping ~*~*~tactically~*~*~ (stealth).
  6171 | D:8      | 6171 ||| Stepping ~*~*~tactically~*~*~ (stealth).
  6173 | D:8      | 6173 ||| Stepping ~*~*~tactically~*~*~ (hiding).
  6183 | D:8      | 6183 ||| Stepping ~*~*~tactically~*~*~ (hiding).
  6321 | D:8      | 6321 ||| INVOKING Heroism.
  6633 | D:8      | 6633 ||| INVOKING Heroism.
  7242 | D:8      | 7242 ||| UPGRADING to +0 plate armour.
  7252 | D:8      | 7252 ||| DROPPING +0 chain mail.
  7253 | D:8      | 7253 ||| DROPPING amulet of magic regeneration.
  7272 | D:9      | Noticed Pikel
  7273 | D:9      | 7273 ||| Stepping ~*~*~tactically~*~*~ (hiding).
  7282 | D:9      | Killed Pikel
  7283 | D:9      | Reached skill level 6 in Armour
  7287 | D:9      | 7287 ||| Stepping ~*~*~tactically~*~*~ (hiding).
  7292 | D:9      | 7292 ||| INVOKING Heroism.
  7297 | D:9      | Reached **** piety under Okawaru
  7301 | D:9      | Reached skill level 9 in Shields
  7315 | D:9      | 7315 ||| FLEEEEING.
  7316 | D:9      | 7316 ||| STAIRDANCE
  7381 | D:9      | 7381 ||| Stepping ~*~*~tactically~*~*~ (hiding).
  7391 | D:9      | Reached XP level 11. HP: 60/67 MP: 14/14
  7404 | D:9      | 7404 ||| Stepping ~*~*~tactically~*~*~ (stealth).
  7415 | D:9      | Found a staircase to the Lair.
  7418 | D:9      | 7418 ||| Stepping ~*~*~tactically~*~*~ (stealth).
  7420 | D:9      | 7420 ||| Stepping ~*~*~tactically~*~*~ (hiding).
  7424 | D:9      | 7424 ||| INVOKING Heroism.
  7526 | D:9      | Noticed Prince Ribbit
  7527 | D:9      | 7527 ||| Stepping ~*~*~tactically~*~*~ (stealth).
  7528 | D:9      | 7528 ||| Stepping ~*~*~tactically~*~*~ (stealth).
  7531 | D:9      | 7531 ||| Stepping ~*~*~tactically~*~*~ (stealth).
  7535 | D:9      | 7535 ||| Stepping ~*~*~tactically~*~*~ (stealth).
  7541 | D:9      | Reached skill level 6 in Invocations
  7544 | D:9      | Killed Prince Ribbit
  7550 | D:9      | Received a gift from Okawaru
  7614 | D:9      | 7614 ||| Stepping ~*~*~tactically~*~*~ (stealth).
  7641 | D:9      | Found a snail-covered altar of Cheibriados.
  7643 | D:9      | Found Cheibriados's Comfort Zone.
  7651 | D:9      | 7651 ||| SHOPLISTING +4 crystal plate armour of
                  | ponderousness (1001 gold, have 348).
  7656 | D:9      | Identified the +3 dagger of Qiut {drain, Str+6}
  7664 | D:9      | Reached ***** piety under Okawaru
  7851 | D:9      | Found a staircase to the Orcish Mines.
  7862 | D:9      | 7862 ||| INVOKING Heroism.
  8005 | D:9      | Found a glowing golden altar of the Shining One.
  8089 | D:9      | 8089 ||| READING scroll of enchant armour.
  8089 | D:9      | 8089 ||| ENCHANTING +1 pair of gloves.
  8143 | D:9      | 8143 ||| PLANNING LAIR
  8143 | D:9      | 8143 ||| DRINKING 2 blue potions.
  8170 | Lair:1   | Entered Level 1 of the Lair of Beasts
  8171 | Lair:1   | 8171 ||| PLANNING GAUNTLET
  8186 | Lair:1   | 8186 ||| INVOKING Heroism.
  8218 | Lair:1   | Received a gift from Okawaru
  8229 | Lair:1   | 8229 ||| FLEEEEING.
  8467 | Lair:1   | Noticed a catoblepas
  8468 | Lair:1   | 8468 ||| INVOKING Heroism.
  8470 | Lair:1   | 8470 ||| INVOKING Finesse.
  8480 | Lair:1   | Killed a catoblepas
  8481 | Lair:1   | Reached skill level 9 in Invocations
  8533 | Lair:1   | Reached XP level 12. HP: 66/73 MP: 18/18
  8622 | Lair:1   | Found a gate leading to a gauntlet.
  8623 | Lair:1   | 8623 ||| READING 4 scrolls of identify.
  8623 | Lair:1   | 8623 ||| IDENTIFYING brown potion
  8624 | Lair:1   | 8624 ||| DROPPING potion of berserk rage.
  8629 | Lair:1   | 8629 ||| Stepping ~*~*~tactically~*~*~ (stealth).
  8630 | Lair:1   | 8630 ||| INVOKING Heroism.
  8701 | Lair:1   | 8701 ||| Stepping randomly (stuck).
  8702 | Lair:1   | 8702 ||| Stepping randomly (stuck).
  8703 | Lair:1   | 8703 ||| Stepping randomly (stuck).
  8704 | Lair:1   | 8704 ||| Stepping randomly (stuck).
  8705 | Lair:1   | 8705 ||| Stepping randomly (stuck).
  8706 | Lair:1   | 8706 ||| Stepping randomly (stuck).
  8707 | Lair:1   | 8707 ||| Stepping randomly (stuck).
  8708 | Lair:1   | 8708 ||| Stepping randomly (stuck).
  8709 | Lair:1   | 8709 ||| Stepping randomly (stuck).
  8710 | Lair:1   | 8710 ||| Stepping randomly (stuck).
  8711 | Lair:1   | 8711 ||| Stepping randomly (stuck).
  8712 | Lair:1   | 8712 ||| Stepping randomly (stuck).
  8713 | Lair:1   | 8713 ||| Stepping randomly (stuck).
  8714 | Lair:1   | 8714 ||| Stepping randomly (stuck).
  8715 | Lair:1   | 8715 ||| Stepping randomly (stuck).
  8716 | Lair:1   | 8716 ||| Stepping randomly (stuck).
  8717 | Lair:1   | 8717 ||| Stepping randomly (stuck).
  8718 | Lair:1   | 8718 ||| Stepping randomly (stuck).
  8719 | Lair:1   | 8719 ||| Stepping randomly (stuck).
  8720 | Lair:1   | 8720 ||| Stepping randomly (stuck).
  8721 | Lair:1   | 8721 ||| Stepping randomly (stuck).
  8722 | Lair:1   | 8722 ||| Stepping randomly (stuck).
  8723 | Lair:1   | 8723 ||| Stepping randomly (stuck).
  8724 | Lair:1   | 8724 ||| Stepping randomly (stuck).
  8725 | Lair:1   | 8725 ||| Stepping randomly (stuck).
  8726 | Lair:1   | 8726 ||| Stepping randomly (stuck).
  8727 | Lair:1   | 8727 ||| Stepping randomly (stuck).
  8728 | Lair:1   | 8728 ||| Stepping randomly (stuck).
  8729 | Lair:1   | 8729 ||| Stepping randomly (stuck).
  8730 | Lair:1   | 8730 ||| Stepping randomly (stuck).
  8731 | Lair:1   | 8731 ||| Stepping randomly (stuck).
  8732 | Lair:1   | 8732 ||| Stepping randomly (stuck).
  8733 | Lair:1   | 8733 ||| Stepping randomly (stuck).
  8734 | Lair:1   | 8734 ||| Stepping randomly (stuck).
  8735 | Lair:1   | 8735 ||| Stepping randomly (stuck).
  8736 | Lair:1   | 8736 ||| Stepping randomly (stuck).
  8737 | Lair:1   | 8737 ||| Stepping randomly (stuck).
  8738 | Lair:1   | 8738 ||| Stepping randomly (stuck).
  8739 | Lair:1   | 8739 ||| Stepping randomly (stuck).
  8740 | Lair:1   | 8740 ||| Stepping randomly (stuck).
  8741 | Lair:1   | 8741 ||| Stepping randomly (stuck).
  8743 | Lair:1   | 8743 ||| Stepping randomly (stuck).
  8744 | Lair:1   | 8744 ||| Stepping randomly (stuck).
  8745 | Lair:1   | 8745 ||| Stepping randomly (stuck).
  8746 | Lair:1   | 8746 ||| Stepping randomly (stuck).
  8747 | Lair:1   | 8747 ||| Stepping randomly (stuck).
  8748 | Lair:1   | 8748 ||| Stepping randomly (stuck).
  8749 | Lair:1   | 8749 ||| Stepping randomly (stuck).
  8750 | Lair:1   | 8750 ||| Stepping randomly (stuck).
  8751 | Lair:1   | 8751 ||| Stepping randomly (stuck).
  8752 | Lair:1   | 8752 ||| Stepping randomly (stuck).
  8753 | Lair:1   | 8753 ||| READING 5 scrolls of teleportation.
  8758 | Lair:1   | 8758 ||| READING 4 scrolls of teleportation.
  8762 | Lair:1   | 8762 ||| READING 3 scrolls of teleportation.
  8767 | Lair:1   | 8767 ||| READING 2 scrolls of teleportation.
  8770 | Lair:1   | 8770 ||| READING scroll of teleportation.
  8774 | Lair:1   | 8774 ||| Stepping randomly (stuck).
  8775 | Lair:1   | 8775 ||| Stepping randomly (stuck).
  8776 | Lair:1   | 8776 ||| Stepping randomly (stuck).
  8777 | Lair:1   | 8777 ||| Stepping randomly (stuck).
  8778 | Lair:1   | 8778 ||| Stepping randomly (stuck).
  8779 | Lair:1   | 8779 ||| Stepping randomly (stuck).
  8780 | Lair:1   | 8780 ||| Stepping randomly (stuck).
  8781 | Lair:1   | 8781 ||| Stepping randomly (stuck).
  8782 | Lair:1   | 8782 ||| Stepping randomly (stuck).
  8783 | Lair:1   | 8783 ||| Stepping randomly (stuck).
  8784 | Lair:1   | 8784 ||| Stepping randomly (stuck).
  8785 | Lair:1   | 8785 ||| Stepping randomly (stuck).
  8786 | Lair:1   | 8786 ||| Stepping randomly (stuck).
  8787 | Lair:1   | 8787 ||| Stepping randomly (stuck).
  8788 | Lair:1   | 8788 ||| Stepping randomly (stuck).
  8789 | Lair:1   | 8789 ||| Stepping randomly (stuck).
  8790 | Lair:1   | 8790 ||| Stepping randomly (stuck).
  8791 | Lair:1   | 8791 ||| Stepping randomly (stuck).
  8792 | Lair:1   | 8792 ||| Stepping randomly (stuck).
  8793 | Lair:1   | 8793 ||| Stepping randomly (stuck).
  8794 | Lair:1   | 8794 ||| Stepping randomly (stuck).
  8795 | Lair:1   | 8795 ||| Stepping randomly (stuck).
  8796 | Lair:1   | 8796 ||| Stepping randomly (stuck).
  8797 | Lair:1   | 8797 ||| Stepping randomly (stuck).
  8798 | Lair:1   | 8798 ||| Stepping randomly (stuck).
  8799 | Lair:1   | 8799 ||| Stepping randomly (stuck).
  8800 | Lair:1   | 8800 ||| Stepping randomly (stuck).
  8801 | Lair:1   | 8801 ||| Stepping randomly (stuck).
  8802 | Lair:1   | 8802 ||| Stepping randomly (stuck).
  8803 | Lair:1   | 8803 ||| Stepping randomly (stuck).
  8804 | Lair:1   | 8804 ||| Stepping randomly (stuck).
  8805 | Lair:1   | 8805 ||| Stepping randomly (stuck).
  8806 | Lair:1   | 8806 ||| Stepping randomly (stuck).
  8807 | Lair:1   | 8807 ||| Stepping randomly (stuck).
  8808 | Lair:1   | 8808 ||| Stepping randomly (stuck).
  8809 | Lair:1   | 8809 ||| Stepping randomly (stuck).
  8810 | Lair:1   | 8810 ||| Stepping randomly (stuck).
  8811 | Lair:1   | 8811 ||| Stepping randomly (stuck).
  8812 | Lair:1   | 8812 ||| Stepping randomly (stuck).
  8813 | Lair:1   | 8813 ||| Stepping randomly (stuck).
  8814 | Lair:1   | 8814 ||| Stepping randomly (stuck).
  8815 | Lair:1   | 8815 ||| Stepping randomly (stuck).
  8816 | Lair:1   | 8816 ||| Stepping randomly (stuck).
  8817 | Lair:1   | 8817 ||| Stepping randomly (stuck).
  8818 | Lair:1   | 8818 ||| Stepping randomly (stuck).
  8819 | Lair:1   | 8819 ||| Stepping randomly (stuck).
  8820 | Lair:1   | 8820 ||| Stepping randomly (stuck).
  8821 | Lair:1   | 8821 ||| Stepping randomly (stuck).
  8822 | Lair:1   | 8822 ||| Stepping randomly (stuck).
  8823 | Lair:1   | 8823 ||| Stepping randomly (stuck).
  8824 | Lair:1   | 8824 ||| Stepping randomly (stuck).
  8825 | Lair:1   | 8825 ||| Stepping randomly (stuck).
  8826 | Lair:1   | 8826 ||| Stepping randomly (stuck).
  8827 | Lair:1   | 8827 ||| Stepping randomly (stuck).
  8828 | Lair:1   | 8828 ||| Stepping randomly (stuck).
  8829 | Lair:1   | 8829 ||| Stepping randomly (stuck).
  8830 | Lair:1   | 8830 ||| Stepping randomly (stuck).
  8831 | Lair:1   | 8831 ||| Stepping randomly (stuck).
  8832 | Lair:1   | 8832 ||| Stepping randomly (stuck).
  8833 | Lair:1   | 8833 ||| Stepping randomly (stuck).
  8834 | Lair:1   | 8834 ||| Stepping randomly (stuck).
  8835 | Lair:1   | 8835 ||| Stepping randomly (stuck).
  8836 | Lair:1   | 8836 ||| Stepping randomly (stuck).
  8837 | Lair:1   | 8837 ||| Stepping randomly (stuck).
  8838 | Lair:1   | 8838 ||| Stepping randomly (stuck).
  8839 | Lair:1   | 8839 ||| Stepping randomly (stuck).
  8840 | Lair:1   | 8840 ||| Stepping randomly (stuck).
  8841 | Lair:1   | 8841 ||| Stepping randomly (stuck).
  8842 | Lair:1   | 8842 ||| Stepping randomly (stuck).
  8843 | Lair:1   | 8843 ||| Stepping randomly (stuck).
  8844 | Lair:1   | 8844 ||| Stepping randomly (stuck).
  8845 | Lair:1   | 8845 ||| Stepping randomly (stuck).
  8846 | Lair:1   | 8846 ||| Stepping randomly (stuck).
  8847 | Lair:1   | 8847 ||| Stepping randomly (stuck).
  8848 | Lair:1   | 8848 ||| Stepping randomly (stuck).
  8849 | Lair:1   | 8849 ||| Stepping randomly (stuck).
  8850 | Lair:1   | 8850 ||| Stepping randomly (stuck).
  8851 | Lair:1   | 8851 ||| Stepping randomly (stuck).
  8852 | Lair:1   | 8852 ||| Stepping randomly (stuck).
  8853 | Lair:1   | 8853 ||| Stepping randomly (stuck).
  8854 | Lair:1   | 8854 ||| Stepping randomly (stuck).
  8855 | Lair:1   | 8855 ||| Stepping randomly (stuck).
  8856 | Lair:1   | 8856 ||| Stepping randomly (stuck).
  8857 | Lair:1   | 8857 ||| Stepping randomly (stuck).
  8858 | Lair:1   | 8858 ||| Stepping randomly (stuck).
  8859 | Lair:1   | 8859 ||| Stepping randomly (stuck).
  8860 | Lair:1   | 8860 ||| Stepping randomly (stuck).
  8861 | Lair:1   | 8861 ||| Stepping randomly (stuck).
  8862 | Lair:1   | 8862 ||| Stepping randomly (stuck).
  8863 | Lair:1   | 8863 ||| Stepping randomly (stuck).
  8864 | Lair:1   | 8864 ||| Stepping randomly (stuck).
  8865 | Lair:1   | 8865 ||| Stepping randomly (stuck).
  8866 | Lair:1   | 8866 ||| Stepping randomly (stuck).
  8867 | Lair:1   | 8867 ||| Stepping randomly (stuck).
  8868 | Lair:1   | 8868 ||| Stepping randomly (stuck).
  8869 | Lair:1   | 8869 ||| Stepping randomly (stuck).
  8870 | Lair:1   | 8870 ||| Stepping randomly (stuck).
  8871 | Lair:1   | 8871 ||| Stepping randomly (stuck).
  8872 | Lair:1   | 8872 ||| Stepping randomly (stuck).
  8873 | Lair:1   | 8873 ||| Stepping randomly (stuck).
  8874 | Lair:1   | 8874 ||| Stepping randomly (stuck).
  8875 | Lair:1   | 8875 ||| Stepping randomly (stuck).
  8876 | Lair:1   | 8876 ||| Stepping randomly (stuck).
  8877 | Lair:1   | 8877 ||| Stepping randomly (stuck).
  8878 | Lair:1   | 8878 ||| Stepping randomly (stuck).
  8879 | Lair:1   | 8879 ||| Stepping randomly (stuck).
  8880 | Lair:1   | 8880 ||| Stepping randomly (stuck).
  8881 | Lair:1   | 8881 ||| Stepping randomly (stuck).
  8882 | Lair:1   | 8882 ||| Stepping randomly (stuck).
  8883 | Lair:1   | 8883 ||| Stepping randomly (stuck).
  8884 | Lair:1   | 8884 ||| Stepping randomly (stuck).
  8885 | Lair:1   | 8885 ||| Stepping randomly (stuck).
  8886 | Lair:1   | 8886 ||| Stepping randomly (stuck).
  8887 | Lair:1   | 8887 ||| Stepping randomly (stuck).
  8888 | Lair:1   | 8888 ||| Stepping randomly (stuck).
  8889 | Lair:1   | 8889 ||| Stepping randomly (stuck).
  8890 | Lair:1   | 8890 ||| Stepping randomly (stuck).
  8891 | Lair:1   | 8891 ||| Stepping randomly (stuck).
  8892 | Lair:1   | 8892 ||| Stepping randomly (stuck).
  8893 | Lair:1   | 8893 ||| Stepping randomly (stuck).
  8894 | Lair:1   | 8894 ||| Stepping randomly (stuck).
  8895 | Lair:1   | 8895 ||| Stepping randomly (stuck).
  8896 | Lair:1   | 8896 ||| Stepping randomly (stuck).
  8897 | Lair:1   | 8897 ||| Stepping randomly (stuck).
  8898 | Lair:1   | 8898 ||| Stepping randomly (stuck).
  8899 | Lair:1   | 8899 ||| Stepping randomly (stuck).
  8900 | Lair:1   | 8900 ||| Stepping randomly (stuck).
  8901 | Lair:1   | 8901 ||| Stepping randomly (stuck).
  8902 | Lair:1   | 8902 ||| Stepping randomly (stuck).
  8903 | Lair:1   | 8903 ||| Stepping randomly (stuck).
  8904 | Lair:1   | 8904 ||| Stepping randomly (stuck).
  8905 | Lair:1   | 8905 ||| Stepping randomly (stuck).
  8906 | Lair:1   | 8906 ||| Stepping randomly (stuck).
  8907 | Lair:1   | 8907 ||| Stepping randomly (stuck).
  8908 | Lair:1   | 8908 ||| Stepping randomly (stuck).
  8909 | Lair:1   | 8909 ||| Stepping randomly (stuck).
  8910 | Lair:1   | 8910 ||| Stepping randomly (stuck).
  8911 | Lair:1   | 8911 ||| Stepping randomly (stuck).
  8912 | Lair:1   | 8912 ||| Stepping randomly (stuck).
  8913 | Lair:1   | 8913 ||| Stepping randomly (stuck).
  8914 | Lair:1   | 8914 ||| Stepping randomly (stuck).
  8915 | Lair:1   | 8915 ||| Stepping randomly (stuck).
  8916 | Lair:1   | 8916 ||| Stepping randomly (stuck).
  8917 | Lair:1   | 8917 ||| Stepping randomly (stuck).
  8918 | Lair:1   | 8918 ||| Stepping randomly (stuck).
  8919 | Lair:1   | 8919 ||| Stepping randomly (stuck).
  8920 | Lair:1   | 8920 ||| Stepping randomly (stuck).
  8921 | Lair:1   | 8921 ||| Stepping randomly (stuck).
  8922 | Lair:1   | 8922 ||| Stepping randomly (stuck).
  8923 | Lair:1   | 8923 ||| Stepping randomly (stuck).
  8924 | Lair:1   | 8924 ||| Stepping randomly (stuck).
  8925 | Lair:1   | 8925 ||| Stepping randomly (stuck).
  8926 | Lair:1   | 8926 ||| Stepping randomly (stuck).
  8927 | Lair:1   | 8927 ||| Stepping randomly (stuck).
  8928 | Lair:1   | 8928 ||| Stepping randomly (stuck).
  8929 | Lair:1   | 8929 ||| Stepping randomly (stuck).
  8930 | Lair:1   | 8930 ||| Stepping randomly (stuck).
  8931 | Lair:1   | 8931 ||| Stepping randomly (stuck).
  8932 | Lair:1   | 8932 ||| Stepping randomly (stuck).
  8933 | Lair:1   | 8933 ||| Stepping randomly (stuck).
  8934 | Lair:1   | 8934 ||| Stepping randomly (stuck).
  8935 | Lair:1   | 8935 ||| Stepping randomly (stuck).
  8936 | Lair:1   | 8936 ||| Stepping randomly (stuck).
  8937 | Lair:1   | 8937 ||| Stepping randomly (stuck).
  8938 | Lair:1   | 8938 ||| Stepping randomly (stuck).
  8939 | Lair:1   | 8939 ||| Stepping randomly (stuck).
  8940 | Lair:1   | 8940 ||| Stepping randomly (stuck).
  8941 | Lair:1   | 8941 ||| Stepping randomly (stuck).
  8942 | Lair:1   | 8942 ||| Stepping randomly (stuck).
  8943 | Lair:1   | 8943 ||| Stepping randomly (stuck).
  8944 | Lair:1   | 8944 ||| Stepping randomly (stuck).
  8945 | Lair:1   | 8945 ||| Stepping randomly (stuck).
  8946 | Lair:1   | 8946 ||| Stepping randomly (stuck).
  8947 | Lair:1   | 8947 ||| Stepping randomly (stuck).
  8948 | Lair:1   | 8948 ||| Stepping randomly (stuck).
  8949 | Lair:1   | 8949 ||| Stepping randomly (stuck).
  8950 | Lair:1   | 8950 ||| Stepping randomly (stuck).
  8951 | Lair:1   | 8951 ||| Stepping randomly (stuck).
  8952 | Lair:1   | 8952 ||| Stepping randomly (stuck).
  8953 | Lair:1   | 8953 ||| Stepping randomly (stuck).
  8954 | Lair:1   | 8954 ||| Stepping randomly (stuck).
  8955 | Lair:1   | 8955 ||| Stepping randomly (stuck).
  8956 | Lair:1   | 8956 ||| Stepping randomly (stuck).
  8957 | Lair:1   | 8957 ||| Stepping randomly (stuck).
  8958 | Lair:1   | 8958 ||| Stepping randomly (stuck).
  8959 | Lair:1   | 8959 ||| Stepping randomly (stuck).
  8960 | Lair:1   | 8960 ||| Stepping randomly (stuck).
  8961 | Lair:1   | 8961 ||| Stepping randomly (stuck).
  8962 | Lair:1   | 8962 ||| Stepping randomly (stuck).
  8963 | Lair:1   | 8963 ||| Stepping randomly (stuck).
  8964 | Lair:1   | 8964 ||| Stepping randomly (stuck).
  8965 | Lair:1   | 8965 ||| Stepping randomly (stuck).
  8966 | Lair:1   | 8966 ||| Stepping randomly (stuck).
  8967 | Lair:1   | 8967 ||| Stepping randomly (stuck).
  8968 | Lair:1   | 8968 ||| Stepping randomly (stuck).
  8969 | Lair:1   | 8969 ||| Stepping randomly (stuck).
  8970 | Lair:1   | 8970 ||| Stepping randomly (stuck).
  8971 | Lair:1   | 8971 ||| Stepping randomly (stuck).
  8972 | Lair:1   | 8972 ||| Stepping randomly (stuck).
  8973 | Lair:1   | 8973 ||| Stepping randomly (stuck).
  8974 | Lair:1   | 8974 ||| Stepping randomly (stuck).
  8975 | Lair:1   | 8975 ||| Stepping randomly (stuck).
  8976 | Lair:1   | 8976 ||| Stepping randomly (stuck).
  8977 | Lair:1   | 8977 ||| Stepping randomly (stuck).
  8978 | Lair:1   | 8978 ||| Stepping randomly (stuck).
  8979 | Lair:1   | 8979 ||| Stepping randomly (stuck).
  8980 | Lair:1   | 8980 ||| Stepping randomly (stuck).
  8981 | Lair:1   | 8981 ||| Stepping randomly (stuck).
  8982 | Lair:1   | 8982 ||| Stepping randomly (stuck).
  8983 | Lair:1   | 8983 ||| Stepping randomly (stuck).
  8984 | Lair:1   | 8984 ||| Stepping randomly (stuck).
  8985 | Lair:1   | 8985 ||| Stepping randomly (stuck).
  8986 | Lair:1   | 8986 ||| Stepping randomly (stuck).
  8987 | Lair:1   | 8987 ||| Stepping randomly (stuck).
  8988 | Lair:1   | 8988 ||| Stepping randomly (stuck).
  8989 | Lair:1   | 8989 ||| Stepping randomly (stuck).
  8990 | Lair:1   | 8990 ||| Stepping randomly (stuck).
  8991 | Lair:1   | 8991 ||| Stepping randomly (stuck).
  8992 | Lair:1   | 8992 ||| Stepping randomly (stuck).
  8993 | Lair:1   | 8993 ||| Stepping randomly (stuck).
  8994 | Lair:1   | 8994 ||| Stepping randomly (stuck).
  8995 | Lair:1   | 8995 ||| Stepping randomly (stuck).
  8996 | Lair:1   | 8996 ||| Stepping randomly (stuck).
  8997 | Lair:1   | 8997 ||| Stepping randomly (stuck).
  8998 | Lair:1   | 8998 ||| Stepping randomly (stuck).
  8999 | Lair:1   | 8999 ||| Stepping randomly (stuck).
  9000 | Lair:1   | 9000 ||| Stepping randomly (stuck).
  9001 | Lair:1   | 9001 ||| Stepping randomly (stuck).
  9002 | Lair:1   | 9002 ||| Stepping randomly (stuck).
  9003 | Lair:1   | 9003 ||| Stepping randomly (stuck).
  9004 | Lair:1   | 9004 ||| Stepping randomly (stuck).
  9005 | Lair:1   | 9005 ||| Stepping randomly (stuck).
  9006 | Lair:1   | 9006 ||| Stepping randomly (stuck).
  9007 | Lair:1   | 9007 ||| Stepping randomly (stuck).
  9008 | Lair:1   | 9008 ||| Stepping randomly (stuck).
  9009 | Lair:1   | 9009 ||| Stepping randomly (stuck).
  9010 | Lair:1   | 9010 ||| Stepping randomly (stuck).
  9011 | Lair:1   | 9011 ||| Stepping randomly (stuck).
  9012 | Lair:1   | 9012 ||| Stepping randomly (stuck).
  9013 | Lair:1   | 9013 ||| Stepping randomly (stuck).
  9014 | Lair:1   | 9014 ||| Stepping randomly (stuck).
  9015 | Lair:1   | 9015 ||| Stepping randomly (stuck).
  9016 | Lair:1   | 9016 ||| Stepping randomly (stuck).
  9017 | Lair:1   | 9017 ||| Stepping randomly (stuck).
  9018 | Lair:1   | 9018 ||| Stepping randomly (stuck).
  9019 | Lair:1   | 9019 ||| Stepping randomly (stuck).
  9020 | Lair:1   | 9020 ||| Stepping randomly (stuck).
  9021 | Lair:1   | 9021 ||| Stepping randomly (stuck).
  9022 | Lair:1   | 9022 ||| Stepping randomly (stuck).
  9023 | Lair:1   | 9023 ||| Stepping randomly (stuck).
  9024 | Lair:1   | 9024 ||| Stepping randomly (stuck).
  9025 | Lair:1   | 9025 ||| Stepping randomly (stuck).
  9026 | Lair:1   | 9026 ||| Stepping randomly (stuck).
  9027 | Lair:1   | 9027 ||| Stepping randomly (stuck).
  9028 | Lair:1   | 9028 ||| Stepping randomly (stuck).
  9029 | Lair:1   | 9029 ||| Stepping randomly (stuck).
  9030 | Lair:1   | 9030 ||| Stepping randomly (stuck).
  9031 | Lair:1   | 9031 ||| Stepping randomly (stuck).
  9032 | Lair:1   | 9032 ||| Stepping randomly (stuck).
  9033 | Lair:1   | 9033 ||| Stepping randomly (stuck).
  9034 | Lair:1   | 9034 ||| Stepping randomly (stuck).
  9035 | Lair:1   | 9035 ||| Stepping randomly (stuck).
  9036 | Lair:1   | 9036 ||| Stepping randomly (stuck).
  9037 | Lair:1   | 9037 ||| Stepping randomly (stuck).
  9038 | Lair:1   | 9038 ||| Stepping randomly (stuck).
  9039 | Lair:1   | 9039 ||| Stepping randomly (stuck).
  9040 | Lair:1   | 9040 ||| Stepping randomly (stuck).
  9041 | Lair:1   | 9041 ||| Stepping randomly (stuck).
  9042 | Lair:1   | 9042 ||| Stepping randomly (stuck).
  9043 | Lair:1   | 9043 ||| Stepping randomly (stuck).
  9044 | Lair:1   | 9044 ||| Stepping randomly (stuck).
  9045 | Lair:1   | 9045 ||| Stepping randomly (stuck).
  9046 | Lair:1   | 9046 ||| Stepping randomly (stuck).
  9047 | Lair:1   | 9047 ||| Stepping randomly (stuck).
  9048 | Lair:1   | 9048 ||| Stepping randomly (stuck).
  9049 | Lair:1   | 9049 ||| Stepping randomly (stuck).
  9050 | Lair:1   | 9050 ||| Stepping randomly (stuck).
  9051 | Lair:1   | 9051 ||| Stepping randomly (stuck).
  9052 | Lair:1   | 9052 ||| Stepping randomly (stuck).
  9053 | Lair:1   | 9053 ||| Stepping randomly (stuck).
  9054 | Lair:1   | 9054 ||| Stepping randomly (stuck).
  9055 | Lair:1   | 9055 ||| Stepping randomly (stuck).
  9056 | Lair:1   | 9056 ||| Stepping randomly (stuck).
  9057 | Lair:1   | 9057 ||| Stepping randomly (stuck).
  9058 | Lair:1   | 9058 ||| Stepping randomly (stuck).
  9059 | Lair:1   | 9059 ||| Stepping randomly (stuck).
  9060 | Lair:1   | 9060 ||| Stepping randomly (stuck).
  9061 | Lair:1   | 9061 ||| Stepping randomly (stuck).
  9062 | Lair:1   | 9062 ||| Stepping randomly (stuck).
  9063 | Lair:1   | 9063 ||| Stepping randomly (stuck).
  9064 | Lair:1   | 9064 ||| Stepping randomly (stuck).
  9065 | Lair:1   | 9065 ||| Stepping randomly (stuck).
  9066 | Lair:1   | 9066 ||| Stepping randomly (stuck).
  9067 | Lair:1   | 9067 ||| Stepping randomly (stuck).
  9068 | Lair:1   | 9068 ||| Stepping randomly (stuck).
  9069 | Lair:1   | 9069 ||| Stepping randomly (stuck).
  9070 | Lair:1   | 9070 ||| Stepping randomly (stuck).
  9071 | Lair:1   | 9071 ||| Stepping randomly (stuck).
  9072 | Lair:1   | 9072 ||| Stepping randomly (stuck).
  9073 | Lair:1   | 9073 ||| Stepping randomly (stuck).
  9074 | Lair:1   | 9074 ||| Stepping randomly (stuck).
  9075 | Lair:1   | 9075 ||| Stepping randomly (stuck).
  9076 | Lair:1   | 9076 ||| Stepping randomly (stuck).
  9077 | Lair:1   | 9077 ||| Stepping randomly (stuck).
  9078 | Lair:1   | 9078 ||| Stepping randomly (stuck).
  9079 | Lair:1   | 9079 ||| Stepping randomly (stuck).
  9080 | Lair:1   | 9080 ||| Stepping randomly (stuck).
  9081 | Lair:1   | 9081 ||| Stepping randomly (stuck).
  9082 | Lair:1   | 9082 ||| Stepping randomly (stuck).
  9083 | Lair:1   | 9083 ||| Stepping randomly (stuck).
  9084 | Lair:1   | 9084 ||| Stepping randomly (stuck).
  9085 | Lair:1   | 9085 ||| Stepping randomly (stuck).
  9086 | Lair:1   | 9086 ||| Stepping randomly (stuck).
  9087 | Lair:1   | 9087 ||| Stepping randomly (stuck).
  9088 | Lair:1   | 9088 ||| Stepping randomly (stuck).
  9089 | Lair:1   | 9089 ||| Stepping randomly (stuck).
  9090 | Lair:1   | 9090 ||| Stepping randomly (stuck).
  9091 | Lair:1   | 9091 ||| Stepping randomly (stuck).
  9092 | Lair:1   | 9092 ||| Stepping randomly (stuck).
  9093 | Lair:1   | 9093 ||| Stepping randomly (stuck).
  9094 | Lair:1   | 9094 ||| Stepping randomly (stuck).
  9095 | Lair:1   | 9095 ||| Stepping randomly (stuck).
  9096 | Lair:1   | 9096 ||| Stepping randomly (stuck).
  9097 | Lair:1   | 9097 ||| Stepping randomly (stuck).
  9098 | Lair:1   | 9098 ||| Stepping randomly (stuck).
  9099 | Lair:1   | 9099 ||| Stepping randomly (stuck).
  9100 | Lair:1   | 9100 ||| Stepping randomly (stuck).
  9101 | Lair:1   | 9101 ||| Stepping randomly (stuck).
  9102 | Lair:1   | 9102 ||| Stepping randomly (stuck).
  9103 | Lair:1   | 9103 ||| Stepping randomly (stuck).
  9104 | Lair:1   | 9104 ||| Stepping randomly (stuck).
  9105 | Lair:1   | 9105 ||| Stepping randomly (stuck).
  9106 | Lair:1   | 9106 ||| Stepping randomly (stuck).
  9107 | Lair:1   | 9107 ||| Stepping randomly (stuck).
  9108 | Lair:1   | 9108 ||| Stepping randomly (stuck).
  9109 | Lair:1   | 9109 ||| Stepping randomly (stuck).
  9110 | Lair:1   | 9110 ||| Stepping randomly (stuck).
  9111 | Lair:1   | 9111 ||| Stepping randomly (stuck).
  9112 | Lair:1   | 9112 ||| Stepping randomly (stuck).
  9113 | Lair:1   | 9113 ||| Stepping randomly (stuck).
  9114 | Lair:1   | 9114 ||| Stepping randomly (stuck).
  9115 | Lair:1   | 9115 ||| Stepping randomly (stuck).
  9116 | Lair:1   | 9116 ||| Stepping randomly (stuck).
  9117 | Lair:1   | 9117 ||| Stepping randomly (stuck).
  9118 | Lair:1   | 9118 ||| Stepping randomly (stuck).
  9119 | Lair:1   | 9119 ||| Stepping randomly (stuck).
  9120 | Lair:1   | 9120 ||| Stepping randomly (stuck).
  9121 | Lair:1   | 9121 ||| Stepping randomly (stuck).
  9122 | Lair:1   | 9122 ||| Stepping randomly (stuck).
  9123 | Lair:1   | 9123 ||| Stepping randomly (stuck).
  9124 | Lair:1   | 9124 ||| Stepping randomly (stuck).
  9125 | Lair:1   | 9125 ||| Stepping randomly (stuck).
  9126 | Lair:1   | 9126 ||| Stepping randomly (stuck).
  9127 | Lair:1   | 9127 ||| Stepping randomly (stuck).
  9128 | Lair:1   | 9128 ||| Stepping randomly (stuck).
  9129 | Lair:1   | 9129 ||| Stepping randomly (stuck).
  9130 | Lair:1   | 9130 ||| Stepping randomly (stuck).
  9131 | Lair:1   | 9131 ||| Stepping randomly (stuck).
  9132 | Lair:1   | 9132 ||| Stepping randomly (stuck).
  9133 | Lair:1   | 9133 ||| Stepping randomly (stuck).
  9134 | Lair:1   | 9134 ||| Stepping randomly (stuck).
  9135 | Lair:1   | 9135 ||| Stepping randomly (stuck).
  9136 | Lair:1   | 9136 ||| Stepping randomly (stuck).
  9137 | Lair:1   | 9137 ||| Stepping randomly (stuck).
  9138 | Lair:1   | 9138 ||| Stepping randomly (stuck).
  9139 | Lair:1   | 9139 ||| Stepping randomly (stuck).
  9140 | Lair:1   | 9140 ||| Stepping randomly (stuck).
  9141 | Lair:1   | 9141 ||| Stepping randomly (stuck).
  9142 | Lair:1   | 9142 ||| Stepping randomly (stuck).
  9143 | Lair:1   | 9143 ||| Stepping randomly (stuck).
  9144 | Lair:1   | 9144 ||| Stepping randomly (stuck).
  9145 | Lair:1   | 9145 ||| Stepping randomly (stuck).
  9146 | Lair:1   | 9146 ||| Stepping randomly (stuck).
  9147 | Lair:1   | 9147 ||| Stepping randomly (stuck).
  9148 | Lair:1   | 9148 ||| Stepping randomly (stuck).
  9149 | Lair:1   | 9149 ||| Stepping randomly (stuck).
  9150 | Lair:1   | 9150 ||| Stepping randomly (stuck).
  9151 | Lair:1   | 9151 ||| Stepping randomly (stuck).
  9152 | Lair:1   | 9152 ||| Stepping randomly (stuck).
  9153 | Lair:1   | 9153 ||| Stepping randomly (stuck).
  9154 | Lair:1   | 9154 ||| Stepping randomly (stuck).
  9155 | Lair:1   | 9155 ||| Stepping randomly (stuck).
  9156 | Lair:1   | 9156 ||| Stepping randomly (stuck).
  9157 | Lair:1   | 9157 ||| Stepping randomly (stuck).
  9158 | Lair:1   | 9158 ||| Stepping randomly (stuck).
  9159 | Lair:1   | 9159 ||| Stepping randomly (stuck).
  9160 | Lair:1   | 9160 ||| Stepping randomly (stuck).
  9161 | Lair:1   | 9161 ||| Stepping randomly (stuck).
  9162 | Lair:1   | 9162 ||| Stepping randomly (stuck).
  9163 | Lair:1   | 9163 ||| Stepping randomly (stuck).
  9164 | Lair:1   | 9164 ||| Stepping randomly (stuck).
  9165 | Lair:1   | 9165 ||| Stepping randomly (stuck).
  9166 | Lair:1   | 9166 ||| Stepping randomly (stuck).
  9167 | Lair:1   | 9167 ||| Stepping randomly (stuck).
  9168 | Lair:1   | 9168 ||| Stepping randomly (stuck).
  9169 | Lair:1   | 9169 ||| Stepping randomly (stuck).
  9170 | Lair:1   | 9170 ||| Stepping randomly (stuck).
  9171 | Lair:1   | 9171 ||| Stepping randomly (stuck).
  9172 | Lair:1   | 9172 ||| Stepping randomly (stuck).
  9173 | Lair:1   | 9173 ||| Stepping randomly (stuck).
  9174 | Lair:1   | 9174 ||| Stepping randomly (stuck).
  9175 | Lair:1   | 9175 ||| Stepping randomly (stuck).
  9176 | Lair:1   | 9176 ||| Stepping randomly (stuck).
  9177 | Lair:1   | 9177 ||| Stepping randomly (stuck).
  9178 | Lair:1   | 9178 ||| Stepping randomly (stuck).
  9179 | Lair:1   | 9179 ||| Stepping randomly (stuck).
  9180 | Lair:1   | 9180 ||| Stepping randomly (stuck).
  9181 | Lair:1   | 9181 ||| Stepping randomly (stuck).
  9182 | Lair:1   | 9182 ||| Stepping randomly (stuck).
  9183 | Lair:1   | 9183 ||| Stepping randomly (stuck).
  9184 | Lair:1   | 9184 ||| Stepping randomly (stuck).
  9185 | Lair:1   | 9185 ||| Stepping randomly (stuck).
  9186 | Lair:1   | 9186 ||| Stepping randomly (stuck).
  9187 | Lair:1   | 9187 ||| Stepping randomly (stuck).
  9188 | Lair:1   | 9188 ||| Stepping randomly (stuck).
  9189 | Lair:1   | 9189 ||| Stepping randomly (stuck).
  9190 | Lair:1   | 9190 ||| Stepping randomly (stuck).
  9191 | Lair:1   | 9191 ||| Stepping randomly (stuck).
  9192 | Lair:1   | 9192 ||| Stepping randomly (stuck).
  9193 | Lair:1   | 9193 ||| Stepping randomly (stuck).
  9194 | Lair:1   | 9194 ||| Stepping randomly (stuck).
  9195 | Lair:1   | 9195 ||| Stepping randomly (stuck).
  9196 | Lair:1   | 9196 ||| Stepping randomly (stuck).
  9197 | Lair:1   | 9197 ||| Stepping randomly (stuck).
  9198 | Lair:1   | 9198 ||| Stepping randomly (stuck).
  9199 | Lair:1   | 9199 ||| Stepping randomly (stuck).
  9200 | Lair:1   | 9200 ||| Stepping randomly (stuck).
  9201 | Lair:1   | 9201 ||| Stepping randomly (stuck).
  9202 | Lair:1   | 9202 ||| Stepping randomly (stuck).
  9203 | Lair:1   | 9203 ||| Stepping randomly (stuck).
  9204 | Lair:1   | 9204 ||| Stepping randomly (stuck).
  9205 | Lair:1   | 9205 ||| Stepping randomly (stuck).
  9206 | Lair:1   | 9206 ||| Stepping randomly (stuck).
  9207 | Lair:1   | 9207 ||| Stepping randomly (stuck).
  9208 | Lair:1   | 9208 ||| Stepping randomly (stuck).
  9209 | Lair:1   | 9209 ||| Stepping randomly (stuck).
  9210 | Lair:1   | 9210 ||| Stepping randomly (stuck).
  9211 | Lair:1   | 9211 ||| Stepping randomly (stuck).
  9212 | Lair:1   | 9212 ||| Stepping randomly (stuck).
  9213 | Lair:1   | 9213 ||| Stepping randomly (stuck).
  9214 | Lair:1   | 9214 ||| Stepping randomly (stuck).
  9215 | Lair:1   | 9215 ||| Stepping randomly (stuck).
  9216 | Lair:1   | 9216 ||| Stepping randomly (stuck).
  9217 | Lair:1   | 9217 ||| Stepping randomly (stuck).
  9218 | Lair:1   | 9218 ||| Stepping randomly (stuck).
  9219 | Lair:1   | 9219 ||| Stepping randomly (stuck).
  9220 | Lair:1   | 9220 ||| Stepping randomly (stuck).
  9221 | Lair:1   | 9221 ||| Stepping randomly (stuck).
  9222 | Lair:1   | 9222 ||| Stepping randomly (stuck).
  9223 | Lair:1   | 9223 ||| Stepping randomly (stuck).
  9224 | Lair:1   | 9224 ||| Stepping randomly (stuck).
  9225 | Lair:1   | 9225 ||| Stepping randomly (stuck).
  9226 | Lair:1   | 9226 ||| Stepping randomly (stuck).
  9227 | Lair:1   | 9227 ||| Stepping randomly (stuck).
  9228 | Lair:1   | 9228 ||| Stepping randomly (stuck).
  9229 | Lair:1   | 9229 ||| Stepping randomly (stuck).
  9230 | Lair:1   | 9230 ||| Stepping randomly (stuck).
  9231 | Lair:1   | 9231 ||| Stepping randomly (stuck).
  9232 | Lair:1   | 9232 ||| Stepping randomly (stuck).
  9233 | Lair:1   | 9233 ||| Stepping randomly (stuck).
  9234 | Lair:1   | 9234 ||| Stepping randomly (stuck).
  9235 | Lair:1   | 9235 ||| Stepping randomly (stuck).
  9236 | Lair:1   | 9236 ||| Stepping randomly (stuck).
  9237 | Lair:1   | 9237 ||| Stepping randomly (stuck).
  9238 | Lair:1   | 9238 ||| Stepping randomly (stuck).
  9239 | Lair:1   | 9239 ||| Stepping randomly (stuck).
  9240 | Lair:1   | 9240 ||| Stepping randomly (stuck).
  9241 | Lair:1   | 9241 ||| Stepping randomly (stuck).
  9242 | Lair:1   | 9242 ||| Stepping randomly (stuck).
  9243 | Lair:1   | 9243 ||| Stepping randomly (stuck).
  9244 | Lair:1   | 9244 ||| Stepping randomly (stuck).
  9245 | Lair:1   | 9245 ||| Stepping randomly (stuck).
  9246 | Lair:1   | 9246 ||| Stepping randomly (stuck).
  9247 | Lair:1   | 9247 ||| Stepping randomly (stuck).
  9248 | Lair:1   | 9248 ||| Stepping randomly (stuck).
  9249 | Lair:1   | 9249 ||| Stepping randomly (stuck).
  9250 | Lair:1   | 9250 ||| Stepping randomly (stuck).
  9251 | Lair:1   | 9251 ||| Stepping randomly (stuck).
  9252 | Lair:1   | 9252 ||| Stepping randomly (stuck).
  9253 | Lair:1   | 9253 ||| Stepping randomly (stuck).
  9254 | Lair:1   | 9254 ||| Stepping randomly (stuck).
  9255 | Lair:1   | 9255 ||| Stepping randomly (stuck).
  9256 | Lair:1   | 9256 ||| Stepping randomly (stuck).
  9257 | Lair:1   | 9257 ||| Stepping randomly (stuck).
  9258 | Lair:1   | 9258 ||| Stepping randomly (stuck).
  9259 | Lair:1   | 9259 ||| Stepping randomly (stuck).
  9260 | Lair:1   | 9260 ||| Stepping randomly (stuck).
  9261 | Lair:1   | 9261 ||| Stepping randomly (stuck).
  9262 | Lair:1   | 9262 ||| Stepping randomly (stuck).
  9263 | Lair:1   | 9263 ||| Stepping randomly (stuck).
  9264 | Lair:1   | 9264 ||| Stepping randomly (stuck).
  9265 | Lair:1   | 9265 ||| Stepping randomly (stuck).
  9266 | Lair:1   | 9266 ||| Stepping randomly (stuck).
  9267 | Lair:1   | 9267 ||| Stepping randomly (stuck).
  9268 | Lair:1   | 9268 ||| Stepping randomly (stuck).
  9269 | Lair:1   | 9269 ||| Stepping randomly (stuck).
  9270 | Lair:1   | 9270 ||| Stepping randomly (stuck).
  9271 | Lair:1   | 9271 ||| Stepping randomly (stuck).
  9272 | Lair:1   | 9272 ||| Stepping randomly (stuck).
  9273 | Lair:1   | 9273 ||| Stepping randomly (stuck).
  9274 | Lair:1   | 9274 ||| Stepping randomly (stuck).
  9275 | Lair:1   | 9275 ||| Stepping randomly (stuck).
  9276 | Lair:1   | 9276 ||| Stepping randomly (stuck).
  9277 | Lair:1   | 9277 ||| Stepping randomly (stuck).
  9278 | Lair:1   | 9278 ||| Stepping randomly (stuck).
  9279 | Lair:1   | 9279 ||| Stepping randomly (stuck).
  9280 | Lair:1   | 9280 ||| Stepping randomly (stuck).
  9281 | Lair:1   | 9281 ||| Stepping randomly (stuck).
  9282 | Lair:1   | 9282 ||| Stepping randomly (stuck).
  9283 | Lair:1   | 9283 ||| Stepping randomly (stuck).
  9284 | Lair:1   | 9284 ||| Stepping randomly (stuck).
  9285 | Lair:1   | 9285 ||| Stepping randomly (stuck).
  9286 | Lair:1   | 9286 ||| Stepping randomly (stuck).
  9287 | Lair:1   | 9287 ||| Stepping randomly (stuck).
  9288 | Lair:1   | 9288 ||| Stepping randomly (stuck).
  9289 | Lair:1   | 9289 ||| Stepping randomly (stuck).
  9290 | Lair:1   | 9290 ||| Stepping randomly (stuck).
  9291 | Lair:1   | 9291 ||| Stepping randomly (stuck).
  9292 | Lair:1   | 9292 ||| Stepping randomly (stuck).
  9293 | Lair:1   | 9293 ||| Stepping randomly (stuck).
  9294 | Lair:1   | 9294 ||| Stepping randomly (stuck).
  9295 | Lair:1   | 9295 ||| Stepping randomly (stuck).
  9296 | Lair:1   | 9296 ||| Stepping randomly (stuck).
  9297 | Lair:1   | 9297 ||| Stepping randomly (stuck).
  9298 | Lair:1   | 9298 ||| Stepping randomly (stuck).
  9299 | Lair:1   | 9299 ||| Stepping randomly (stuck).
  9300 | Lair:1   | 9300 ||| Stepping randomly (stuck).
  9301 | Lair:1   | 9301 ||| Stepping randomly (stuck).
  9302 | Lair:1   | 9302 ||| Stepping randomly (stuck).
  9303 | Lair:1   | 9303 ||| Stepping randomly (stuck).
  9304 | Lair:1   | 9304 ||| Stepping randomly (stuck).
  9305 | Lair:1   | 9305 ||| Stepping randomly (stuck).
  9306 | Lair:1   | 9306 ||| Stepping randomly (stuck).
  9307 | Lair:1   | 9307 ||| Stepping randomly (stuck).
  9308 | Lair:1   | 9308 ||| Stepping randomly (stuck).
  9309 | Lair:1   | 9309 ||| Stepping randomly (stuck).
  9310 | Lair:1   | 9310 ||| Stepping randomly (stuck).
  9311 | Lair:1   | 9311 ||| Stepping randomly (stuck).
  9312 | Lair:1   | 9312 ||| Stepping randomly (stuck).
  9313 | Lair:1   | 9313 ||| Stepping randomly (stuck).
  9314 | Lair:1   | 9314 ||| Stepping randomly (stuck).
  9315 | Lair:1   | 9315 ||| Stepping randomly (stuck).
  9316 | Lair:1   | 9316 ||| Stepping randomly (stuck).
  9317 | Lair:1   | 9317 ||| Stepping randomly (stuck).
  9318 | Lair:1   | 9318 ||| Stepping randomly (stuck).
  9319 | Lair:1   | 9319 ||| Stepping randomly (stuck).
  9320 | Lair:1   | 9320 ||| Stepping randomly (stuck).
  9321 | Lair:1   | 9321 ||| Stepping randomly (stuck).
  9322 | Lair:1   | 9322 ||| Stepping randomly (stuck).
  9323 | Lair:1   | 9323 ||| Stepping randomly (stuck).
  9324 | Lair:1   | 9324 ||| Stepping randomly (stuck).
  9325 | Lair:1   | 9325 ||| Stepping randomly (stuck).
  9326 | Lair:1   | 9326 ||| Stepping randomly (stuck).
  9327 | Lair:1   | 9327 ||| Stepping randomly (stuck).
  9328 | Lair:1   | 9328 ||| Stepping randomly (stuck).
  9329 | Lair:1   | 9329 ||| Stepping randomly (stuck).
  9330 | Lair:1   | 9330 ||| Stepping randomly (stuck).
  9331 | Lair:1   | 9331 ||| Stepping randomly (stuck).
  9332 | Lair:1   | 9332 ||| Stepping randomly (stuck).
  9333 | Lair:1   | 9333 ||| Stepping randomly (stuck).
  9334 | Lair:1   | 9334 ||| Stepping randomly (stuck).
  9335 | Lair:1   | 9335 ||| Stepping randomly (stuck).
  9336 | Lair:1   | 9336 ||| Stepping randomly (stuck).
  9337 | Lair:1   | 9337 ||| Stepping randomly (stuck).
  9338 | Lair:1   | 9338 ||| Stepping randomly (stuck).
  9339 | Lair:1   | 9339 ||| Stepping randomly (stuck).
  9340 | Lair:1   | 9340 ||| Stepping randomly (stuck).
  9341 | Lair:1   | 9341 ||| Stepping randomly (stuck).
  9342 | Lair:1   | 9342 ||| Stepping randomly (stuck).
  9343 | Lair:1   | 9343 ||| Stepping randomly (stuck).
  9344 | Lair:1   | 9344 ||| Stepping randomly (stuck).
  9345 | Lair:1   | 9345 ||| Stepping randomly (stuck).
  9346 | Lair:1   | 9346 ||| Stepping randomly (stuck).
  9347 | Lair:1   | 9347 ||| Stepping randomly (stuck).
  9348 | Lair:1   | 9348 ||| Stepping randomly (stuck).
  9349 | Lair:1   | 9349 ||| Stepping randomly (stuck).
  9350 | Lair:1   | 9350 ||| Stepping randomly (stuck).
  9351 | Lair:1   | 9351 ||| Stepping randomly (stuck).
  9352 | Lair:1   | 9352 ||| Stepping randomly (stuck).
  9353 | Lair:1   | 9353 ||| Stepping randomly (stuck).
  9354 | Lair:1   | 9354 ||| Stepping randomly (stuck).
  9355 | Lair:1   | 9355 ||| Stepping randomly (stuck).
  9356 | Lair:1   | 9356 ||| Stepping randomly (stuck).
  9357 | Lair:1   | 9357 ||| Stepping randomly (stuck).
  9358 | Lair:1   | 9358 ||| Stepping randomly (stuck).
  9359 | Lair:1   | 9359 ||| Stepping randomly (stuck).
  9360 | Lair:1   | 9360 ||| Stepping randomly (stuck).
  9361 | Lair:1   | 9361 ||| Stepping randomly (stuck).
  9362 | Lair:1   | 9362 ||| Stepping randomly (stuck).
  9363 | Lair:1   | 9363 ||| Stepping randomly (stuck).
  9364 | Lair:1   | 9364 ||| Stepping randomly (stuck).
  9365 | Lair:1   | 9365 ||| Stepping randomly (stuck).
  9366 | Lair:1   | 9366 ||| Stepping randomly (stuck).
  9367 | Lair:1   | 9367 ||| Stepping randomly (stuck).
  9368 | Lair:1   | 9368 ||| Stepping randomly (stuck).
  9369 | Lair:1   | 9369 ||| Stepping randomly (stuck).
  9370 | Lair:1   | 9370 ||| Stepping randomly (stuck).
  9371 | Lair:1   | 9371 ||| Stepping randomly (stuck).
  9372 | Lair:1   | 9372 ||| Stepping randomly (stuck).
  9373 | Lair:1   | 9373 ||| Stepping randomly (stuck).
  9374 | Lair:1   | 9374 ||| Stepping randomly (stuck).
  9375 | Lair:1   | 9375 ||| Stepping randomly (stuck).
  9376 | Lair:1   | 9376 ||| Stepping randomly (stuck).
  9377 | Lair:1   | 9377 ||| Stepping randomly (stuck).
  9378 | Lair:1   | 9378 ||| Stepping randomly (stuck).
  9379 | Lair:1   | 9379 ||| Stepping randomly (stuck).
  9380 | Lair:1   | 9380 ||| Stepping randomly (stuck).
  9381 | Lair:1   | 9381 ||| Stepping randomly (stuck).
  9382 | Lair:1   | 9382 ||| Stepping randomly (stuck).
  9383 | Lair:1   | 9383 ||| Stepping randomly (stuck).
  9384 | Lair:1   | 9384 ||| Stepping randomly (stuck).
  9385 | Lair:1   | 9385 ||| Stepping randomly (stuck).
  9386 | Lair:1   | 9386 ||| Stepping randomly (stuck).
  9387 | Lair:1   | 9387 ||| Stepping randomly (stuck).
  9388 | Lair:1   | 9388 ||| Stepping randomly (stuck).
  9389 | Lair:1   | 9389 ||| Stepping randomly (stuck).
  9390 | Lair:1   | 9390 ||| Stepping randomly (stuck).
  9391 | Lair:1   | 9391 ||| Stepping randomly (stuck).
  9392 | Lair:1   | 9392 ||| Stepping randomly (stuck).
  9393 | Lair:1   | 9393 ||| Stepping randomly (stuck).
  9394 | Lair:1   | 9394 ||| Stepping randomly (stuck).
  9395 | Lair:1   | 9395 ||| Stepping randomly (stuck).
  9396 | Lair:1   | 9396 ||| Stepping randomly (stuck).
  9397 | Lair:1   | 9397 ||| Stepping randomly (stuck).
  9398 | Lair:1   | 9398 ||| Stepping randomly (stuck).
  9399 | Lair:1   | 9399 ||| Stepping randomly (stuck).
  9400 | Lair:1   | 9400 ||| Stepping randomly (stuck).
  9401 | Lair:1   | 9401 ||| Stepping randomly (stuck).
  9402 | Lair:1   | 9402 ||| Stepping randomly (stuck).
  9403 | Lair:1   | 9403 ||| Stepping randomly (stuck).
  9404 | Lair:1   | 9404 ||| Stepping randomly (stuck).
  9405 | Lair:1   | 9405 ||| Stepping randomly (stuck).
  9406 | Lair:1   | 9406 ||| Stepping randomly (stuck).
  9407 | Lair:1   | 9407 ||| Stepping randomly (stuck).
  9408 | Lair:1   | 9408 ||| Stepping randomly (stuck).
  9409 | Lair:1   | 9409 ||| Stepping randomly (stuck).
  9410 | Lair:1   | 9410 ||| Stepping randomly (stuck).
  9411 | Lair:1   | 9411 ||| Stepping randomly (stuck).
  9412 | Lair:1   | 9412 ||| Stepping randomly (stuck).
  9413 | Lair:1   | 9413 ||| Stepping randomly (stuck).
  9414 | Lair:1   | 9414 ||| Stepping randomly (stuck).
  9415 | Lair:1   | 9415 ||| Stepping randomly (stuck).
  9416 | Lair:1   | 9416 ||| Stepping randomly (stuck).
  9417 | Lair:1   | 9417 ||| Stepping randomly (stuck).
  9418 | Lair:1   | 9418 ||| Stepping randomly (stuck).
  9419 | Lair:1   | 9419 ||| Stepping randomly (stuck).
  9420 | Lair:1   | 9420 ||| Stepping randomly (stuck).
  9421 | Lair:1   | 9421 ||| Stepping randomly (stuck).
  9422 | Lair:1   | 9422 ||| Stepping randomly (stuck).
  9423 | Lair:1   | 9423 ||| Stepping randomly (stuck).
  9424 | Lair:1   | 9424 ||| Stepping randomly (stuck).
  9425 | Lair:1   | 9425 ||| Stepping randomly (stuck).
  9426 | Lair:1   | 9426 ||| Stepping randomly (stuck).
  9427 | Lair:1   | 9427 ||| Stepping randomly (stuck).
  9428 | Lair:1   | 9428 ||| Stepping randomly (stuck).
  9429 | Lair:1   | 9429 ||| Stepping randomly (stuck).
  9430 | Lair:1   | 9430 ||| Stepping randomly (stuck).
  9431 | Lair:1   | 9431 ||| Stepping randomly (stuck).
  9432 | Lair:1   | 9432 ||| Stepping randomly (stuck).
  9433 | Lair:1   | 9433 ||| Stepping randomly (stuck).
  9434 | Lair:1   | 9434 ||| Stepping randomly (stuck).
  9435 | Lair:1   | 9435 ||| Stepping randomly (stuck).
  9436 | Lair:1   | 9436 ||| Stepping randomly (stuck).
  9437 | Lair:1   | 9437 ||| Stepping randomly (stuck).
  9438 | Lair:1   | 9438 ||| Stepping randomly (stuck).
  9439 | Lair:1   | 9439 ||| Stepping randomly (stuck).
  9440 | Lair:1   | 9440 ||| Stepping randomly (stuck).
  9441 | Lair:1   | 9441 ||| Stepping randomly (stuck).
  9442 | Lair:1   | 9442 ||| Stepping randomly (stuck).
  9443 | Lair:1   | 9443 ||| Stepping randomly (stuck).
  9444 | Lair:1   | 9444 ||| Stepping randomly (stuck).
  9445 | Lair:1   | 9445 ||| Stepping randomly (stuck).
  9446 | Lair:1   | 9446 ||| Stepping randomly (stuck).
  9447 | Lair:1   | 9447 ||| Stepping randomly (stuck).
  9448 | Lair:1   | 9448 ||| Stepping randomly (stuck).
  9449 | Lair:1   | 9449 ||| Stepping randomly (stuck).
  9450 | Lair:1   | 9450 ||| Stepping randomly (stuck).
  9451 | Lair:1   | 9451 ||| Stepping randomly (stuck).
  9452 | Lair:1   | 9452 ||| Stepping randomly (stuck).
  9453 | Lair:1   | 9453 ||| Stepping randomly (stuck).
  9454 | Lair:1   | 9454 ||| Stepping randomly (stuck).
  9455 | Lair:1   | 9455 ||| Stepping randomly (stuck).
  9456 | Lair:1   | 9456 ||| Stepping randomly (stuck).
  9457 | Lair:1   | 9457 ||| Stepping randomly (stuck).
  9458 | Lair:1   | 9458 ||| Stepping randomly (stuck).
  9459 | Lair:1   | 9459 ||| Stepping randomly (stuck).
  9460 | Lair:1   | 9460 ||| Stepping randomly (stuck).
  9461 | Lair:1   | 9461 ||| Stepping randomly (stuck).
  9462 | Lair:1   | 9462 ||| Stepping randomly (stuck).
  9463 | Lair:1   | 9463 ||| Stepping randomly (stuck).
  9464 | Lair:1   | 9464 ||| Stepping randomly (stuck).
  9465 | Lair:1   | 9465 ||| Stepping randomly (stuck).
  9466 | Lair:1   | 9466 ||| Stepping randomly (stuck).
  9467 | Lair:1   | 9467 ||| Stepping randomly (stuck).
  9468 | Lair:1   | 9468 ||| Stepping randomly (stuck).
  9469 | Lair:1   | 9469 ||| Stepping randomly (stuck).
  9470 | Lair:1   | 9470 ||| Stepping randomly (stuck).
  9471 | Lair:1   | 9471 ||| Stepping randomly (stuck).
  9472 | Lair:1   | 9472 ||| Stepping randomly (stuck).
  9473 | Lair:1   | 9473 ||| Stepping randomly (stuck).
  9474 | Lair:1   | 9474 ||| Stepping randomly (stuck).
  9475 | Lair:1   | 9475 ||| Stepping randomly (stuck).
  9476 | Lair:1   | 9476 ||| Stepping randomly (stuck).
  9477 | Lair:1   | 9477 ||| Stepping randomly (stuck).
  9478 | Lair:1   | 9478 ||| Stepping randomly (stuck).
  9479 | Lair:1   | 9479 ||| Stepping randomly (stuck).
  9480 | Lair:1   | 9480 ||| Stepping randomly (stuck).
  9481 | Lair:1   | 9481 ||| Stepping randomly (stuck).
  9482 | Lair:1   | 9482 ||| Stepping randomly (stuck).
  9483 | Lair:1   | 9483 ||| Stepping randomly (stuck).
  9484 | Lair:1   | 9484 ||| Stepping randomly (stuck).
  9485 | Lair:1   | 9485 ||| Stepping randomly (stuck).
  9486 | Lair:1   | 9486 ||| Stepping randomly (stuck).
  9487 | Lair:1   | 9487 ||| Stepping randomly (stuck).
  9488 | Lair:1   | 9488 ||| Stepping randomly (stuck).
  9489 | Lair:1   | 9489 ||| Stepping randomly (stuck).
  9490 | Lair:1   | 9490 ||| Stepping randomly (stuck).
  9491 | Lair:1   | 9491 ||| Stepping randomly (stuck).
  9492 | Lair:1   | 9492 ||| Stepping randomly (stuck).
  9493 | Lair:1   | 9493 ||| Stepping randomly (stuck).
  9494 | Lair:1   | 9494 ||| Stepping randomly (stuck).
  9495 | Lair:1   | 9495 ||| Stepping randomly (stuck).
  9496 | Lair:1   | 9496 ||| Stepping randomly (stuck).
  9497 | Lair:1   | 9497 ||| Stepping randomly (stuck).
  9498 | Lair:1   | 9498 ||| Stepping randomly (stuck).
  9499 | Lair:1   | 9499 ||| Stepping randomly (stuck).
  9500 | Lair:1   | 9500 ||| Stepping randomly (stuck).
  9501 | Lair:1   | 9501 ||| Stepping randomly (stuck).
  9502 | Lair:1   | 9502 ||| Stepping randomly (stuck).
  9503 | Lair:1   | 9503 ||| Stepping randomly (stuck).
  9504 | Lair:1   | 9504 ||| Stepping randomly (stuck).
  9505 | Lair:1   | 9505 ||| Stepping randomly (stuck).
  9506 | Lair:1   | 9506 ||| Stepping randomly (stuck).
  9507 | Lair:1   | 9507 ||| Stepping randomly (stuck).
  9508 | Lair:1   | 9508 ||| Stepping randomly (stuck).
  9509 | Lair:1   | 9509 ||| Stepping randomly (stuck).
  9510 | Lair:1   | 9510 ||| Stepping randomly (stuck).
  9511 | Lair:1   | 9511 ||| Stepping randomly (stuck).
  9512 | Lair:1   | 9512 ||| Stepping randomly (stuck).
  9513 | Lair:1   | 9513 ||| Stepping randomly (stuck).
  9514 | Lair:1   | 9514 ||| Stepping randomly (stuck).
  9515 | Lair:1   | 9515 ||| Stepping randomly (stuck).
  9516 | Lair:1   | 9516 ||| Stepping randomly (stuck).
  9517 | Lair:1   | 9517 ||| Stepping randomly (stuck).
  9518 | Lair:1   | 9518 ||| Stepping randomly (stuck).
  9519 | Lair:1   | 9519 ||| Stepping randomly (stuck).
  9520 | Lair:1   | 9520 ||| Stepping randomly (stuck).
  9521 | Lair:1   | 9521 ||| Stepping randomly (stuck).
  9522 | Lair:1   | 9522 ||| Stepping randomly (stuck).
  9523 | Lair:1   | 9523 ||| Stepping randomly (stuck).
  9524 | Lair:1   | 9524 ||| Stepping randomly (stuck).
  9525 | Lair:1   | 9525 ||| Stepping randomly (stuck).
  9526 | Lair:1   | 9526 ||| Stepping randomly (stuck).
  9527 | Lair:1   | 9527 ||| Stepping randomly (stuck).
  9528 | Lair:1   | 9528 ||| Stepping randomly (stuck).
  9529 | Lair:1   | 9529 ||| Stepping randomly (stuck).
  9530 | Lair:1   | 9530 ||| Stepping randomly (stuck).
  9531 | Lair:1   | 9531 ||| Stepping randomly (stuck).
  9532 | Lair:1   | 9532 ||| Stepping randomly (stuck).
  9533 | Lair:1   | 9533 ||| Stepping randomly (stuck).
  9534 | Lair:1   | 9534 ||| Stepping randomly (stuck).
  9535 | Lair:1   | 9535 ||| Stepping randomly (stuck).
  9536 | Lair:1   | 9536 ||| Stepping randomly (stuck).
  9537 | Lair:1   | 9537 ||| Stepping randomly (stuck).
  9538 | Lair:1   | 9538 ||| Stepping randomly (stuck).
  9539 | Lair:1   | 9539 ||| Stepping randomly (stuck).
  9540 | Lair:1   | 9540 ||| Stepping randomly (stuck).
  9541 | Lair:1   | 9541 ||| Stepping randomly (stuck).
  9542 | Lair:1   | 9542 ||| Stepping randomly (stuck).
  9543 | Lair:1   | 9543 ||| Stepping randomly (stuck).
  9544 | Lair:1   | 9544 ||| Stepping randomly (stuck).
  9545 | Lair:1   | 9545 ||| Stepping randomly (stuck).
  9546 | Lair:1   | 9546 ||| Stepping randomly (stuck).
  9547 | Lair:1   | 9547 ||| Stepping randomly (stuck).
  9548 | Lair:1   | 9548 ||| Stepping randomly (stuck).
  9549 | Lair:1   | 9549 ||| Stepping randomly (stuck).
  9550 | Lair:1   | 9550 ||| Stepping randomly (stuck).
  9551 | Lair:1   | 9551 ||| Stepping randomly (stuck).
  9552 | Lair:1   | 9552 ||| Stepping randomly (stuck).
  9553 | Lair:1   | 9553 ||| Stepping randomly (stuck).
  9554 | Lair:1   | 9554 ||| Stepping randomly (stuck).
  9555 | Lair:1   | 9555 ||| Stepping randomly (stuck).
  9556 | Lair:1   | 9556 ||| Stepping randomly (stuck).
  9557 | Lair:1   | 9557 ||| Stepping randomly (stuck).
  9558 | Lair:1   | 9558 ||| Stepping randomly (stuck).
  9559 | Lair:1   | 9559 ||| Stepping randomly (stuck).
  9560 | Lair:1   | 9560 ||| Stepping randomly (stuck).
  9561 | Lair:1   | 9561 ||| Stepping randomly (stuck).
  9562 | Lair:1   | 9562 ||| Stepping randomly (stuck).
  9563 | Lair:1   | 9563 ||| Stepping randomly (stuck).
  9564 | Lair:1   | 9564 ||| Stepping randomly (stuck).
  9565 | Lair:1   | 9565 ||| Stepping randomly (stuck).
  9566 | Lair:1   | 9566 ||| Stepping randomly (stuck).
  9567 | Lair:1   | 9567 ||| Stepping randomly (stuck).
  9568 | Lair:1   | 9568 ||| Stepping randomly (stuck).
  9569 | Lair:1   | 9569 ||| Stepping randomly (stuck).
  9570 | Lair:1   | 9570 ||| Stepping randomly (stuck).
  9571 | Lair:1   | 9571 ||| Stepping randomly (stuck).
  9572 | Lair:1   | 9572 ||| Stepping randomly (stuck).
  9573 | Lair:1   | 9573 ||| Stepping randomly (stuck).
  9574 | Lair:1   | 9574 ||| Stepping randomly (stuck).
  9575 | Lair:1   | 9575 ||| Stepping randomly (stuck).
  9576 | Lair:1   | 9576 ||| Stepping randomly (stuck).
  9577 | Lair:1   | 9577 ||| Stepping randomly (stuck).
  9578 | Lair:1   | 9578 ||| Stepping randomly (stuck).
  9579 | Lair:1   | 9579 ||| Stepping randomly (stuck).
  9580 | Lair:1   | 9580 ||| Stepping randomly (stuck).
  9581 | Lair:1   | 9581 ||| Stepping randomly (stuck).
  9582 | Lair:1   | 9582 ||| Stepping randomly (stuck).
  9583 | Lair:1   | 9583 ||| Stepping randomly (stuck).
  9584 | Lair:1   | 9584 ||| Stepping randomly (stuck).
  9585 | Lair:1   | 9585 ||| Stepping randomly (stuck).
  9586 | Lair:1   | 9586 ||| Stepping randomly (stuck).
  9587 | Lair:1   | 9587 ||| Stepping randomly (stuck).
  9588 | Lair:1   | 9588 ||| Stepping randomly (stuck).
  9589 | Lair:1   | 9589 ||| Stepping randomly (stuck).
  9590 | Lair:1   | 9590 ||| Stepping randomly (stuck).
  9591 | Lair:1   | 9591 ||| Stepping randomly (stuck).
  9592 | Lair:1   | 9592 ||| Stepping randomly (stuck).
  9593 | Lair:1   | 9593 ||| Stepping randomly (stuck).
  9594 | Lair:1   | 9594 ||| Stepping randomly (stuck).
  9595 | Lair:1   | 9595 ||| Stepping randomly (stuck).
  9596 | Lair:1   | 9596 ||| Stepping randomly (stuck).
  9597 | Lair:1   | 9597 ||| Stepping randomly (stuck).
  9598 | Lair:1   | 9598 ||| Stepping randomly (stuck).
  9599 | Lair:1   | 9599 ||| Stepping randomly (stuck).
  9600 | Lair:1   | 9600 ||| Stepping randomly (stuck).
  9601 | Lair:1   | 9601 ||| Stepping randomly (stuck).
  9602 | Lair:1   | 9602 ||| Stepping randomly (stuck).
  9603 | Lair:1   | 9603 ||| Stepping randomly (stuck).
  9604 | Lair:1   | 9604 ||| Stepping randomly (stuck).
  9605 | Lair:1   | 9605 ||| Stepping randomly (stuck).
  9606 | Lair:1   | 9606 ||| Stepping randomly (stuck).
  9607 | Lair:1   | 9607 ||| Stepping randomly (stuck).
  9608 | Lair:1   | 9608 ||| Stepping randomly (stuck).
  9609 | Lair:1   | 9609 ||| Stepping randomly (stuck).
  9610 | Lair:1   | 9610 ||| Stepping randomly (stuck).
  9611 | Lair:1   | 9611 ||| Stepping randomly (stuck).
  9612 | Lair:1   | 9612 ||| Stepping randomly (stuck).
  9613 | Lair:1   | 9613 ||| Stepping randomly (stuck).
  9614 | Lair:1   | 9614 ||| Stepping randomly (stuck).
  9615 | Lair:1   | 9615 ||| Stepping randomly (stuck).
  9616 | Lair:1   | 9616 ||| Stepping randomly (stuck).
  9617 | Lair:1   | 9617 ||| Stepping randomly (stuck).
  9618 | Lair:1   | 9618 ||| Stepping randomly (stuck).
  9619 | Lair:1   | 9619 ||| Stepping randomly (stuck).
  9620 | Lair:1   | 9620 ||| Stepping randomly (stuck).
  9621 | Lair:1   | 9621 ||| Stepping randomly (stuck).
  9622 | Lair:1   | 9622 ||| Stepping randomly (stuck).
  9623 | Lair:1   | 9623 ||| Stepping randomly (stuck).
  9624 | Lair:1   | 9624 ||| Stepping randomly (stuck).
  9625 | Lair:1   | 9625 ||| Stepping randomly (stuck).
  9626 | Lair:1   | 9626 ||| Stepping randomly (stuck).
  9627 | Lair:1   | 9627 ||| Stepping randomly (stuck).
  9628 | Lair:1   | 9628 ||| Stepping randomly (stuck).
  9629 | Lair:1   | 9629 ||| Stepping randomly (stuck).
  9630 | Lair:1   | 9630 ||| Stepping randomly (stuck).
  9631 | Lair:1   | 9631 ||| Stepping randomly (stuck).
  9632 | Lair:1   | 9632 ||| Stepping randomly (stuck).
  9633 | Lair:1   | 9633 ||| Stepping randomly (stuck).
  9634 | Lair:1   | 9634 ||| Stepping randomly (stuck).
  9635 | Lair:1   | 9635 ||| Stepping randomly (stuck).
  9636 | Lair:1   | 9636 ||| Stepping randomly (stuck).
  9637 | Lair:1   | 9637 ||| Stepping randomly (stuck).
  9638 | Lair:1   | 9638 ||| Stepping randomly (stuck).
  9639 | Lair:1   | 9639 ||| Stepping randomly (stuck).
  9640 | Lair:1   | 9640 ||| Stepping randomly (stuck).
  9641 | Lair:1   | 9641 ||| Stepping randomly (stuck).
  9642 | Lair:1   | 9642 ||| Stepping randomly (stuck).
  9643 | Lair:1   | 9643 ||| Stepping randomly (stuck).
  9644 | Lair:1   | 9644 ||| Stepping randomly (stuck).
  9645 | Lair:1   | 9645 ||| Stepping randomly (stuck).
  9646 | Lair:1   | 9646 ||| Stepping randomly (stuck).
  9647 | Lair:1   | 9647 ||| Stepping randomly (stuck).
  9648 | Lair:1   | 9648 ||| Stepping randomly (stuck).
  9649 | Lair:1   | 9649 ||| Stepping randomly (stuck).
  9650 | Lair:1   | 9650 ||| Stepping randomly (stuck).
  9651 | Lair:1   | 9651 ||| Stepping randomly (stuck).
  9652 | Lair:1   | 9652 ||| Stepping randomly (stuck).
  9653 | Lair:1   | 9653 ||| Stepping randomly (stuck).
  9654 | Lair:1   | 9654 ||| Stepping randomly (stuck).
  9655 | Lair:1   | 9655 ||| Stepping randomly (stuck).
  9656 | Lair:1   | 9656 ||| Stepping randomly (stuck).
  9657 | Lair:1   | 9657 ||| Stepping randomly (stuck).
  9658 | Lair:1   | 9658 ||| Stepping randomly (stuck).
  9659 | Lair:1   | 9659 ||| Stepping randomly (stuck).
  9660 | Lair:1   | 9660 ||| Stepping randomly (stuck).
  9661 | Lair:1   | 9661 ||| Stepping randomly (stuck).
  9662 | Lair:1   | 9662 ||| Stepping randomly (stuck).
  9663 | Lair:1   | 9663 ||| Stepping randomly (stuck).
  9664 | Lair:1   | 9664 ||| Stepping randomly (stuck).
  9665 | Lair:1   | 9665 ||| Stepping randomly (stuck).
  9666 | Lair:1   | 9666 ||| Stepping randomly (stuck).
  9667 | Lair:1   | 9667 ||| Stepping randomly (stuck).
  9668 | Lair:1   | 9668 ||| Stepping randomly (stuck).
  9669 | Lair:1   | 9669 ||| Stepping randomly (stuck).
  9670 | Lair:1   | 9670 ||| Stepping randomly (stuck).
  9671 | Lair:1   | 9671 ||| Stepping randomly (stuck).
  9672 | Lair:1   | 9672 ||| Stepping randomly (stuck).
  9673 | Lair:1   | 9673 ||| Stepping randomly (stuck).
  9674 | Lair:1   | 9674 ||| Stepping randomly (stuck).
  9675 | Lair:1   | 9675 ||| Stepping randomly (stuck).
  9676 | Lair:1   | 9676 ||| Stepping randomly (stuck).
  9677 | Lair:1   | 9677 ||| Stepping randomly (stuck).
  9678 | Lair:1   | 9678 ||| Stepping randomly (stuck).
  9679 | Lair:1   | 9679 ||| Stepping randomly (stuck).
  9680 | Lair:1   | 9680 ||| Stepping randomly (stuck).
  9681 | Lair:1   | 9681 ||| Stepping randomly (stuck).
  9682 | Lair:1   | 9682 ||| Stepping randomly (stuck).
  9683 | Lair:1   | 9683 ||| Stepping randomly (stuck).
  9684 | Lair:1   | 9684 ||| Stepping randomly (stuck).
  9685 | Lair:1   | 9685 ||| Stepping randomly (stuck).
  9686 | Lair:1   | 9686 ||| Stepping randomly (stuck).
  9687 | Lair:1   | 9687 ||| Stepping randomly (stuck).
  9688 | Lair:1   | 9688 ||| Stepping randomly (stuck).
  9689 | Lair:1   | 9689 ||| Stepping randomly (stuck).
  9690 | Lair:1   | 9690 ||| Stepping randomly (stuck).
  9691 | Lair:1   | 9691 ||| Stepping randomly (stuck).
  9692 | Lair:1   | 9692 ||| Stepping randomly (stuck).
  9693 | Lair:1   | 9693 ||| Stepping randomly (stuck).
  9694 | Lair:1   | 9694 ||| Stepping randomly (stuck).
  9695 | Lair:1   | 9695 ||| Stepping randomly (stuck).
  9696 | Lair:1   | 9696 ||| Stepping randomly (stuck).
  9697 | Lair:1   | 9697 ||| Stepping randomly (stuck).
  9698 | Lair:1   | 9698 ||| Stepping randomly (stuck).
  9699 | Lair:1   | 9699 ||| Stepping randomly (stuck).
  9700 | Lair:1   | 9700 ||| Stepping randomly (stuck).
  9701 | Lair:1   | 9701 ||| Stepping randomly (stuck).
  9702 | Lair:1   | 9702 ||| Stepping randomly (stuck).
  9703 | Lair:1   | 9703 ||| Stepping randomly (stuck).
  9704 | Lair:1   | 9704 ||| Stepping randomly (stuck).
  9705 | Lair:1   | 9705 ||| Stepping randomly (stuck).
  9706 | Lair:1   | 9706 ||| Stepping randomly (stuck).
  9707 | Lair:1   | 9707 ||| Stepping randomly (stuck).
  9708 | Lair:1   | 9708 ||| Stepping randomly (stuck).
  9709 | Lair:1   | 9709 ||| Stepping randomly (stuck).
  9710 | Lair:1   | 9710 ||| Stepping randomly (stuck).
  9711 | Lair:1   | 9711 ||| Stepping randomly (stuck).
  9712 | Lair:1   | 9712 ||| Stepping randomly (stuck).
  9713 | Lair:1   | 9713 ||| Stepping randomly (stuck).
  9714 | Lair:1   | 9714 ||| Stepping randomly (stuck).
  9715 | Lair:1   | 9715 ||| Stepping randomly (stuck).
  9716 | Lair:1   | 9716 ||| Stepping randomly (stuck).
  9717 | Lair:1   | 9717 ||| Stepping randomly (stuck).
  9718 | Lair:1   | 9718 ||| Stepping randomly (stuck).
  9719 | Lair:1   | 9719 ||| Stepping randomly (stuck).
  9720 | Lair:1   | 9720 ||| Stepping randomly (stuck).
  9721 | Lair:1   | 9721 ||| Stepping randomly (stuck).
  9722 | Lair:1   | 9722 ||| Stepping randomly (stuck).
  9723 | Lair:1   | 9723 ||| Stepping randomly (stuck).
  9724 | Lair:1   | Quit the game

Levels and vault maps discovered:
D:1:      lightli_iron_boxes, layout_basic, minmay_hexomino_f4
D:2:      cheibrodos_old_hovel, layout_loops_cross
D:3:      layout_rooms, jmf_multi_god_temple2, uniq_terence
D:4:      layout_basic, mainiacjoe_overflow_24_doors, minmay_manual_mail,
          uniq_robin, uniq_duvessa, uniq_menkaure
D:5:      layout_gridville, makhleb_grotto_becter, doesnt_shop_hydraphobe
D:6:      layout_basic, mainiacjoe_overflow_cross_hatched,
          minmay_temple_entry_waves
D:7:      kennysheep_slugbush, layout_rooms,
          nicolae_hepliaklqana_monster_ancestors, enter_bailey_3
D:8:      layout_layer_cave, serial_bayou_lagoon_a
D:9:      layout_irregular_city, amcnicky_altar_gilded, hellmonk_lair_entry_icy,
          minmay_orc_entry_temple_small, minmay_shop_chei, uniq_pikel,
          uniq_prince_ribbit1
Temple:   nicolae_temple_no_exploring_needed
Lair:1:   layout_cave_pods, gauntlet_entry_generic, infiniplex_staircase_pool_2

Skill      XL: |  1  2  3  4  5  6  7  8  9 10 11 12 |
---------------+-------------------------------------+-----
Axes           | 2 3 4 5 7 8 9 10 | 10.9
Dodging        | 2 |  2.2
Fighting       | 4 6 7 8 |  8.0
Armour         | 4 6 7 |  7.0
Shields        | 4 8 9 |  9.0
Invocations    | 4 5 9 10 | 10.0
Throwing       | 3 |  3.9

Action                     |  1- 3 |  4- 6 |  7- 9 | 10-12 || total
---------------------------+-------+-------+-------+-------++-------
  Melee: War axe           |   159 |   119 |       |       ||   278
         Broad axe         |       |    20 |   188 |   207 ||   415
  Throw: Boomerang         |       |       |     1 |    98 ||    99
 Invoke: Heroism           |       |       |     4 |     9 ||    13
         Finesse           |       |       |       |     1 ||     1
    Use: Scroll            |     4 |     5 |    10 |     7 ||    26
         Potion            |     1 |       |     5 |     1 ||     7
   Stab: Petrified         |       |       |       |     1 ||     1
 Armour: Scale mail        |    98 |    64 |       |       ||   162
         Chain mail        |       |     6 |   102 |    29 ||   137
         Plate armour      |       |       |       |   106 ||   106
  Dodge: Dodged            |    75 |    59 |    49 |    44 ||   227
  Block: Buckler           |    27 |    26 |    11 |       ||    64
         Kite shield       |       |       |    53 |   142 ||   195

Table legend:
 A = Non-vault XP
 B = Vault XP
 C = Vault XP percentage of total XP
 D = Non-vault monster count
 E = Vault monster count
 F = Vault count percentage of total count
                 A         B        C        D         E       F
            +---------+---------+-------+---------+---------+-------
      Total |   16948 |    4163 |  19.7 |     268 |      56 |  17.3
            +---------+---------+-------+---------+---------+-------
        D:1 |      53 |       0 |   0.0 |      31 |       0 |   0.0
        D:2 |      76 |       2 |   2.6 |      29 |       1 |   3.3
        D:3 |     123 |      32 |  20.6 |      23 |       1 |   4.2
        D:4 |     278 |     696 |  71.5 |      17 |      16 |  48.5
        D:5 |     811 |      44 |   5.1 |      35 |       1 |   2.8
        D:6 |     871 |       0 |   0.0 |      15 |       0 |   0.0
        D:7 |    2911 |      43 |   1.5 |      28 |      14 |  33.3
        D:8 |     986 |       0 |   0.0 |      24 |       0 |   0.0
        D:9 |    3822 |    3346 |  46.7 |      30 |      23 |  43.4
     Lair:1 |    7017 |       0 |   0.0 |      36 |       0 |   0.0
            +---------+---------+-------+---------+---------+-------
